 Dungeon Crawl Stone Soup version 0.31-a0-167-g1c394c0614 (webtiles) character file.

Game seed: 16819588723316765291

489943 qw the Slayer (level 24, -6/178 HPs)
             Began as a Gargoyle Hunter on June 14, 2023.
             Was an Elder of Okawaru.
             Mangled by a white draconian
             ... wielding a +0 short sword
              (17 damage)
             ... on level 2 of the Realm of Zot.
             The game lasted 00:24:54 (43209 turns).

qw the Slayer (Gargoyle Hunter)                    Turns: 43209, Time: 00:24:54

Health: -6/178     AC: 48    Str: 17      XL:     24   Next: 70%
Magic:  3/24       EV: 38    Int: 16 (17) God:    Okawaru [****..]
Gold:   457        SH:  0    Dex: 32      Spells: 23/23 levels left

rFire   + + +        y - +8 triple crossbow "Solleruz" {flame, Int+6}
rCold   . . .        (shield currently unavailable)
rNeg    + + .        s - +5 ring mail of Space {Regen+}
rPois   inf          w - +1 helmet
rElec   +            l - +2 ratskin cloak {*Rats rPois rN+ Str-1 Int-1 Dex+1}
rCorr   .            q - +2 pair of gloves {Str+3}
SInv    +            p - +2 pair of boots {rampage}
Will    +....        c - amulet of Fedhas's Favour {Faith *Corrode +Inv rPois rF++}
Stlth   ++++         v - ring "Ynyen" {rF+ Dex+6 SInv}
HPRegen 1.29/turn    x - +6 ring of dexterity
MPRegen 0.19/turn

%: corrode self (3%), rampage, faith
@: about to teleport, heroic, flying
A: sickness immunity, AC +18, big wings, negative energy resistance 1,
electricity resistance, torment resistance 1, petrification resistance, clumsy
1, deterioration 1, low MP 2, weak 1, wild magic 1
}: 3/15 runes: serpentine, barnacled, silver
a: Renounce Religion, Evoke Invisibility, Heroism, Finesse


You were on level 2 of the Realm of Zot.
You worshipped Okawaru.
Okawaru was greatly pleased with you.
You visited 9 branches of the dungeon, and saw 42 of its levels.
You visited the Abyss 1 time.

You collected 6880 gold pieces.
You spent 6423 gold pieces at shops.


Innate Abilities, Weirdness & Mutations

You are immune to sickness and miasma.
Your stone body is resilient. (AC +18)
You are immune to poison.
Your large and strong wings let you fly.
You resist negative energy. (rN+)
You are resistant to electric shocks. (rElec)
You are resistant to unholy torment.
You are immune to petrification.
You are clumsy. (Dex -2)
Your body sometimes deteriorates upon taking damage.
Your magical capacity is very low. (-20% MP)
You are weak. (Str -2)
Your spells are a little harder to cast, but a little more powerful.


   Skills:
 - Level 26.0(27) Fighting
 - Level 22.0(27) Ranged Weapons
 + Level 17.9(22.9) Armour
 - Level 19.8(24.8) Dodging
 - Level 1.1(6.1) Stealth
 - Level 10.0 Invocations


You had 23 spell levels left.
You didn't know any spells.
Your spell library was empty.

Inventory:

Hand Weapons
 y - the +8 triple crossbow "Solleruz" (weapon) {flame, Int+6}
   (Okawaru gifted it to you on level 2 of the Orcish Mines)

   Int:       It affects your intelligence (+6).
 B - a +3 triple crossbow of flaming
Armour
 l - the +2 ratskin cloak (worn) {*Rats rPois rN+ Str-1 Int-1 Dex+1}
   (You found it on level 7 of the Dungeon)

   *Rats:     When the wearer is hurt, rats may emerge from it to assist them.
   Str:       It affects your strength (-1).
   Int:       It affects your intelligence (-1).
   Dex:       It affects your dexterity (+1).
   rPois:     It protects you from poison.
   rN:        It protects you from negative energy.
 n - the +0 ring mail of Qazlal's Benevolence {rElec rF+ Regen+ Int+3}
   (You took it off an orc on level 8 of the Dungeon)

   Int:       It affects your intelligence (+3).
   rF:        It protects you from fire.
   rElec:     It insulates you from electricity.
   Regen:     It increases your rate of health regeneration.
 p - a +2 pair of boots of rampaging (worn)
 q - a +2 pair of gloves of strength (worn)
 s - the +5 ring mail of Space (worn) {Regen+}
   (You bought it in a shop on level 1 of the Snake Pit)

   Regen:     It increases your rate of health regeneration.
 w - a +1 helmet (worn)
 G - the +6 leather armour of Decompression {rPois rC++ Will+ Slay-4}
   (You found it on level 2 of the Depths)

   Slay:      It affects your accuracy & damage with ranged weapons and melee
   (-4).
   rC:        It greatly protects you from cold.
   rPois:     It protects you from poison.
   Will:      It increases your willpower.
 L - the +1 ring mail of the Aged Interlopers {rF- rN+ Will+++ Slay+2}
   (You found it on level 5 of the Vaults)

   Slay:      It affects your accuracy & damage with ranged weapons and melee
   (+2).
   rF:        It makes you vulnerable to fire.
   rN:        It protects you from negative energy.
   Will:      It greatly increases your willpower.
 M - a +1 robe of resistance
Jewellery
 b - a ring of resist corrosion
 c - the amulet of Fedhas's Favour (around neck) {Faith *Corrode +Inv rPois rF++}
   (You bought it in a shop on level 8 of the Dungeon)

   [amulet of faith]

   It allows you to gain divine favour quickly.
   rF:        It greatly protects you from fire.
   rPois:     It protects you from poison.
   +Inv:      It lets you turn invisible.
   *Corrode:  It may corrode you when you take damage.
 h - the ring of the Wonderful God {rF+ rN+ Dex+4}
   (You bought it in a shop on level 8 of the Dungeon)

   [ring of positive energy]

   Dex:       It affects your dexterity (+4).
   rF:        It protects you from fire.
   rN:        It protects you from negative energy.
 v - the ring "Ynyen" (left hand) {rF+ Dex+6 SInv}
   (You bought it in a shop on level 5 of the Vaults)

   [ring of dexterity]

   Dex:       It affects your dexterity (+6).
   rF:        It protects you from fire.
   SInv:      It lets you see invisible.
 x - a +6 ring of dexterity (right hand)
 A - a ring of resist corrosion
 F - an amulet of reflection
 H - an amulet of faith
 I - the ring "Foaseoh" {rC- Will+ rCorr MP+9 Int+5}
   (You took it off an orc knight on level 5 of the Vaults)

   [ring of magical power]

   Int:       It affects your intelligence (+5).
   rC:        It makes you vulnerable to cold.
   MP:        It affects your magic capacity (+9).
   rCorr:     It protects you from acid and corrosion.
   Will:      It increases your willpower.
 K - the ring of Tunkyepp {Drain rPois rC+ Str+3}
   (You took it off a tengu reaver on level 5 of the Vaults)

   [ring of protection from cold]

   Str:       It affects your strength (+3).
   rC:        It protects you from cold.
   rPois:     It protects you from poison.
   Drain:     It drains your maximum health when unequipped.
Wands
 u - a wand of digging (19)
Scrolls
 e - 15 scrolls of identify
 g - 13 scrolls of teleportation
 z - a scroll of brand weapon
 C - 2 scrolls of enchant weapon
Potions
 a - 3 potions of lignification
 d - 6 potions of mutation
 f - 17 potions of curing
 i - 4 potions of might
 j - 5 potions of resistance
 k - 5 potions of haste
 m - 4 potions of magic
 o - a potion of cancellation
 r - 5 potions of attraction

Dungeon Overview and Level Annotations

Branches:
Dungeon (15/15)            Temple (1/1) D:5            Lair (5/5) D:8
 Shoals (4/4) Lair:3        Snake (4/4) Lair:3        Slime (0/5) Lair:4
    Orc (2/2) D:9             Elf (0/3) Orc:2        Vaults (5/5) D:14
  Crypt (0/3) Vaults:2     Depths (4/4) D:15            Zot (2/5) Depths:4

Altars:
Ashenzari
Cheibriados
Dithmenos
Elyvilon
Fedhas
Gozag
Hepliaklqana
Kikubaaqudgha
Makhleb
Nemelex Xobeh
Okawaru
Qazlal
Ru
Sif Muna
Trog
Uskayaw
Vehumet
Wu Jian
Xom
Yredelemnul
Zin
The Shining One
Jiyva

Shops:
D:5 [   D:6 (*   D:8 =   Orc:2 (=[*   Snake:1 [[*   Snake:2 *   Vaults:3 [
Vaults:5 ==   Depths:3 ***

Portals:
Hell: Depths:1 Depths:2 Depths:3 Depths:4
Abyss: Depths:3 Depths:4
Pandemonium: Depths:2
Ziggurat: Depths:3

Annotations:
D:12 2 runed translucent doors
D:14 2 transporters, qw's ghost, journeyman GrFi
Lair:4 1 runed translucent door
Shoals:2 1 runed translucent door
Depths:2 2 transporters, qw's ghost, adept MiHu
Zot:1 6 transporters


Message History

The green draconian monk closely misses you.
The green draconian monk completely misses you.
The green draconian monk closely misses you.
The green draconian monk tail-slaps you but does no damage.
The white draconian completely misses you.
You shoot a bolt. The bolt hits the white draconian.
The bolt burns the white draconian.
The white draconian is almost dead.
The yellow draconian barely misses you. The moth of wrath misses you.
The green draconian monk hits you!!
Your body deteriorates!
You feel dopey.
The green draconian monk kicks you but does no damage.
The green draconian monk tail-slaps you but does no damage.
The green draconian monk closely misses you.
The white draconian hits you with a +0 mace!!
The white draconian misses you.
The yellow draconian completely misses you.
The purple draconian shifter hits you with a +2 dagger of venom!
43209 ||| READING 14 scrolls of teleportation.
As you read the scroll of teleportation, it crumbles to dust.
You feel strangely unstable.
You feel the Orb delaying your translocation!
The green draconian monk completely misses you.
The green draconian monk misses you.
The green draconian monk completely misses you.
The green draconian monk barely misses you.
The white draconian completely misses you.
The moth of wrath completely misses you.
The white draconian hits you with a +0 short sword.
The yellow draconian completely misses you.
The moth of wrath goads the green draconian monk on!
The green draconian monk goes berserk!
The green draconian monk hits you but does no damage.
The green draconian monk kicks you but does no damage.
The green draconian monk completely misses you. x2
The white draconian closely misses you.
A green draconian monk comes into view.
The purple draconian shifter hits you with a +2 dagger of venom.
The white draconian hits you with a +0 short sword!
You die...

# #. #. # #.. ## #.##
##. #.~## ##.. ###..##
##... #.#qyd########
#...# #..#qq@dd~~..~
#..## #..#.yqd~.ยค~..
#..# #..##...~..~..
#..#
#q.###.~..^.~.#####..##
#..# ####.#####......##
#.d# #...###........##
#..# #.....(..####..##
#.q# #........# #..##
#..####..####..# #...)


You could see 3 draconians, a yellow draconian (berserk), a green draconian, 2
draconians, a purple draconian shifter and 2 moths of wrath.

Vanquished Creatures
  An orb of fire (Zot:2)
  3 dread liches
  An ancient lich (Vaults:5)
  A curse toe (Zot:2)
  4 golden dragons
  4 tentacled monstrosities
  Zenata (Vaults:4)
  Mlioglotl (Shoals:4)
  7 titans
  3 quicksilver dragons
  4 death cobs (Zot:2)
  5 tengu reavers (Vaults:5)
  A kraken (Shoals:2)
  7 sphinxes
  8 storm dragons
  Gastronok (D:8)
  2 draconian monks (Zot:1)
  2 draconian knights
  5 shadow dragons
  9 fire giants
  2 draconian scorchers (Zot:1)
  11 frost giants
  A balrug (Depths:1)
  6 nagarajas
  16 vault wardens
  An iron dragon (Depths:2)
  Aizul (Snake:4)
  A caustic shrike zombie (Depths:2)
  A ghost moth (Zot:2)
  A draconian stormcaller (Zot:2)
  4 draconian shifters
  An orc warlord (Vaults:2)
  5 draconian annihilators
  2 spriggan defenders (Depths:2)
  27 ironbound preservers
  5 very ugly things
  8 ironbound thunderhulks
  3 war gargoyles
  2 green draconians
  13 stone giants
  4 deep elf annihilators (Vaults:5)
  A lorocyproca (Depths:2)
  3 vampire knights
  Nessos (Lair:5)
  2 formless jellyfish (Vaults:4)
  18 dire elephants
  3 black draconians
  A dire elephant (shapeshifter) (Vaults:5)
  8 purple draconians
  4 white draconians
  7 red draconians
  4 spark wasps (Depths:2)
  5 yellow draconians
  8 ettins
  An entropy weaver (shapeshifter) (Vaults:5)
  11 merfolk impalers
  3 merfolk javelineers
  Josephine (D:15)
  13 yaktaur captains
  7 fire dragons
  3 jiangshi (Depths:1)
  A deep elf death mage (Vaults:5)
  6 great orbs of eyes
  6 ice dragons
  3 deep elf high priests
  2 rakshasas (Depths:3)
  2 entropy weavers
  3 peacekeepers
  Erolcha (D:9)
  2 salamander tyrants
  3 spriggan air magi
  Harold (Lair:1)
  33 vault guards
  7 hydras
  3 ogre magi
  5 catoblepae
  18 centaur warriors
  A jorogumo (shapeshifter) (Vaults:5)
  2 merfolk aquamancers (Shoals:4)
  4 alligator snapping turtles
  5 ironbound frosthearts
  3 merfolk avatars
  4 boulder beetles
  10 anacondas
  A death knight (D:14)
  13 naga warriors
  4 satyrs
  An alligator (shapeshifter) (Vaults:5)
  19 two-headed ogres
  7 deep troll shamans
  A tengu warrior (Depths:2)
  2 vampire magi
  7 deep troll earth magi
  Urug (D:10)
  6 shock serpents
  6 death yaks (Lair:5)
  An orc high priest (Orc:1)
  2 spriggans
  15 naga sharpshooters
  6 hell knights (Depths:2)
  A sun demon (Depths:1)
  A storm dragon zombie (Vaults:4)
  Sonja (Orc:1)
  2 spriggan berserkers (Depths:1)
  4 salamander mystics
  A sixfirhy (Depths:2)
  Nergalle (Lair:1)
  9 skysharks
  10 iron trolls
  A skeletal warrior (D:12)
  90 deep trolls
  A shadow wraith (Vaults:5)
  2 glowing orange brains
  A flayed ghost (Depths:2)
  14 sea snakes
  14 ironbound convokers
  15 wizards
  12 harpies
  11 naga ritualists
  Pikel (D:7)
  A harpy (shapeshifter) (D:12)
  8 phantasmal warriors
  10 lindwurms
  11 mana vipers
  6 necromancers
  A shining eye (shapeshifter) (Vaults:5)
  8 orc knights
  A faun (shapeshifter) (Vaults:4)
  A wolf spider (D:11)
  A cyclops (shapeshifter) (Vaults:5)
  29 ugly things
  15 salamanders
  2 deep elf pyromancers
  An oklob plant (Lair:4)
  13 fauns
  13 cyclopes
  16 manticores
  A frost giant zombie (Vaults:4)
  A frost giant skeleton (Depths:2)
  A smoke demon (Depths:1)
  10 merfolk sirens
  7 guardian serpents
  2 human skeletons (Vaults:4)
  2 fire giant skeletons
  A black mamba (shapeshifter) (D:14)
  7 water nymphs
  9 elephants (Lair:5)
  14 vault sentinels
  15 moths of wrath
  A rust devil (Depths:2)
  11 naga magi
  Maurice (Orc:1)
  8 gargoyles
  2 torpor snails
  42 black mambas
  A torpor snail (shapeshifter) (Vaults:5)
  19 cane toads
  An efreet (D:13)
  5 unseen horrors
  Psyche (D:12)
  A rime drake (Lair:1)
  3 kobold demonologists
  2 freezing wraiths
  A tengu conjurer (D:13)
  32 yaktaurs
  12 komodo dragons
  15 trolls
  25 merfolk
  2 meliai (shapeshifter) (D:14)
  A polar bear (Lair:5)
  5 hornets
  9 wind drakes
  Grinder (D:5)
  6 dream sheep
  10 snapping turtles
  A stone giant simulacrum (Vaults:3)
  4 large abominations (Depths:3)
  A culicivora (shapeshifter) (Vaults:5)
  A fire giant simulacrum (Vaults:3)
  39 slime creatures
  3 shadows
  Sigmund (D:2)
  2 vampires
  11 wyverns
  45 yaks
  5 water elementals
  7 basilisks
  3 small abominations (Depths:3)
  6 wraiths
  A neqoxec (Depths:2)
  Grum (D:8)
  8 humans (D:14)
  4 chaos spawn (Depths:3)
  3 redbacks (Vaults:4)
  A redback (shapeshifter) (Depths:3)
  A glowing shapeshifter zombie (Vaults:3)
  Duvessa (D:7)
  2 wargs
  41 nagas
  2 acid dragons
  A glowing shapeshifter skeleton (Depths:2)
  12 water moccasins
  2 floating eyes (Depths:2)
  17 orc warriors
  5 ice beasts
  7 boggarts
  10 centaurs
  23 ogres
  14 wolves
  2 phantoms
  4 lemures (D:7)
  5 kobold brigands
  13 bullfrogs
  3 gnoll sergeants
  8 scorpions
  4 elf skeletons
  Dowan (D:7)
  12 killer bees
  5 electric eels
  6 howler monkeys
  3 hounds (D:5)
  2 human zombies
  2 jellies
  2 gnoll boudas
  14 orc priests
  22 orc wizards
  5 iguanas
  2 sleepcaps
  29 gnolls
  12 adders
  A shadow imp (D:6)
  2 white imps
  2 ufetubi
  3 dart slugs
  82 orcs
  9 ball pythons
  7 endoplasms
  4 giant cockroaches
  7 goblins
  7 hobgoblins
  4 jackals (D:3)
  4 quokkas
  A quokka (shapeshifter) (Vaults:5)
  5 bats (D:5)
  7 frilled lizards
  35 kobolds
  An orc skeleton (D:5)
  An orc zombie (D:5)
  2 rats
  A tentacle (Shoals:2)
1748 creatures vanquished.

Vanquished Creatures (others)
  A shadow dragon (Vaults:5)
  A moth of wrath (Zot:2)
  3 tentacles (Shoals:2)
5 creatures vanquished.

Grand Total: 1753 creatures vanquished

Notes
Turn   | Place    | Note
-------+----------+-------------------------------------------
     0 | D:1      | qw the Gargoyle Hunter began the quest for the Orb.
     0 | D:1      | Reached XP level 1. HP: 12/12 MP: 1/1
     0 | D:1      | 0 ||| qw: Version: 0.2-a-29-g1fa15c8
     0 | D:1      | 0 ||| qw: Game counter: 5025
     0 | D:1      | 0 ||| qw: Always use a shield: true
     0 | D:1      | 0 ||| qw: God list: Okawaru
     0 | D:1      | 0 ||| qw: Allow faded altars: false
     0 | D:1      | 0 ||| qw: Do Orc after D:15 true
     0 | D:1      | 0 ||| qw: Do second Lair branch before Depths: true
     0 | D:1      | 0 ||| qw: Lair rune preference: random
     0 | D:1      | 0 ||| qw: Plans: Normal, Zot:1-4, Slime:5, God:TSO, Crypt,
                  | Tomb, Abyss, Pan, Hells, Win
     0 | D:1      | 0 ||| PLANNING D:1-11
   322 | D:1      | Reached XP level 2. HP: 17/17 MP: 2/2
   519 | D:1      | Found a faded altar of an unknown god.
   558 | D:1      | 558 ||| READING scroll labelled HIOTIO IRPHUMO.
   559 | D:1      | 559 ||| READING scroll labelled WIZAPH UWIR.
   560 | D:1      | 560 ||| READING scroll labelled ERIAG AH TEREUWOT.
   561 | D:1      | 561 ||| DRINKING 2 glowing pink potions.
   666 | D:1      | 666 ||| DRINKING 3 golden potions.
   667 | D:1      | 667 ||| DROPPING scroll of butterflies.
   668 | D:1      | 668 ||| DROPPING potion of berserk rage.
   701 | D:2      | Found an opulent altar of Gozag.
   858 | D:2      | Reached XP level 3. HP: 12/21 MP: 3/3
  1139 | D:2      | Reached skill level 3 in Fighting
  1149 | D:2      | Noticed Sigmund
  1160 | D:2      | 1160 ||| READING scroll labelled YSIDAUV PIPPIGRI.
  1166 | D:2      | 1166 ||| FLEEEEING.
  1167 | D:2      | 1167 ||| FLEEEEING.
  1168 | D:2      | 1168 ||| FLEEEEING.
  1172 | D:2      | Killed Sigmund
  1173 | D:2      | Reached skill level 6 in Ranged Weapons
  1173 | D:2      | Reached XP level 4. HP: 8/28 MP: 4/4
  1173 | D:2      | Reached XP level 5. HP: 9/32 MP: 5/5
  1290 | D:2      | 1290 ||| READING scroll of enchant weapon.
  1290 | D:2      | 1290 ||| ENCHANTING +1 shortbow.
  1482 | D:2      | Reached XP level 6. HP: 37/37 MP: 6/6
  1490 | D:2      | 1490 ||| FLEEEEING.
  1566 | D:2      | 1566 ||| READING 3 scrolls labelled WIPSOGUQATZ.
  1567 | D:2      | 1567 ||| READING scroll labelled GUPTESM TUPHY.
  1568 | D:2      | 1568 ||| READING scroll labelled DAHUINL AZXU.
  1569 | D:2      | 1569 ||| DROPPING 2 scrolls of revelation.
  1590 | D:3      | 1590 ||| STAIRDANCE
  1633 | D:3      | 1633 ||| Stepping ~*~*~tactically~*~*~ (outnumbered).
  1634 | D:3      | 1634 ||| Stepping ~*~*~tactically~*~*~ (outnumbered).
  1644 | D:3      | Reached skill level 4 in Fighting
  1647 | D:3      | HP: 3/38 [orc priest/divine providence (11)]
  1648 | D:3      | HP: 1/38 [orc priest/+0 flail (2)]
  1911 | D:3      | 1911 ||| READING scroll of enchant weapon.
  1911 | D:3      | 1911 ||| ENCHANTING +2 shortbow.
  2285 | D:3      | 2285 ||| UPGRADING to +0 ring mail.
  2295 | D:3      | 2295 ||| DROPPING +0 leather armour.
  2296 | D:3      | 2296 ||| DRINKING 2 smoky red potions.
  2296 | D:3      | Gained mutation: Your spells are a little harder to cast,
                  | but a little more powerful. [potion of mutation]
  2296 | D:3      | Gained mutation: You are weak. (Str -2) [potion of
                  | mutation]
  2296 | D:3      | Gained mutation: You have a pair of small horns on your
                  | head. [potion of mutation]
  2297 | D:3      | 2297 ||| READING 3 scrolls of identify.
  2297 | D:3      | 2297 ||| IDENTIFYING puce potion
  2298 | D:3      | 2298 ||| READING 2 scrolls of identify.
  2298 | D:3      | 2298 ||| IDENTIFYING fuming puce potion
  2299 | D:3      | 2299 ||| DROPPING potion of enlightenment.
  2300 | D:3      | 2300 ||| DROPPING potion of ambrosia.
  2354 | D:4      | Reached skill level 1 in Armour
  2362 | D:4      | Reached XP level 7. HP: 31/43 MP: 7/7
  2368 | D:4      | HP: 10/43 [gnoll/+0 whip[a gnoll bouda] (8)]
  2576 | D:4      | Found a sacrificial altar of Ru.
  3038 | D:4      | 3038 ||| DRINKING 2 cyan potions.
  3039 | D:4      | 3039 ||| DROPPING potion of brilliance.
  3228 | D:4      | Reached skill level 5 in Fighting
  3290 | D:4      | 3290 ||| Stepping ~*~*~tactically~*~*~ (water).
  3292 | D:4      | 3292 ||| Stepping ~*~*~tactically~*~*~ (water).
  3484 | D:4      | 3484 ||| UPGRADING to +6 ring of dexterity.
  3531 | D:5      | Entered Level 5 of the Dungeon
  3531 | D:5      | Found a staircase to the Ecumenical Temple.
  3532 | D:5      | 3532 ||| PLANNING OSSUARY
  3586 | D:5      | Reached XP level 8. HP: 44/49 MP: 8/8
  3719 | D:5      | Found Jutiracre's Antique Armour Shoppe.
  3727 | D:5      | 3727 ||| BUYING glowing leather armour (145 gold).
  3727 | D:5      | Bought a glowing leather armour for 145 gold pieces
  3727 | D:5      | 3727 ||| SHOPLISTING runed ring mail (203 gold, have 159).
  3864 | D:5      | Reached skill level 9 in Ranged Weapons
  4018 | D:5      | Reached skill level 6 in Fighting
  4081 | D:5      | Noticed Grinder
  4099 | D:5      | Killed Grinder
  4111 | D:5      | 4111 ||| FLEEEEING.
  4112 | D:5      | 4112 ||| FLEEEEING.
  4141 | D:5      | 4141 ||| RIP OSSUARY
  4145 | D:5      | 4145 ||| PLANNING TEMPLE
  4145 | D:5      | 4145 ||| UPGRADING to +1 leather armour of poison
                  | resistance.
  4155 | D:5      | 4155 ||| DROPPING +0 ring mail.
  4156 | D:5      | 4156 ||| UPGRADING to +4 ring of slaying {mikee}.
  4157 | D:5      | 4157 ||| READING scroll labelled WOURAO LUAH.
  4252 | Temple   | Entered the Ecumenical Temple
  4253 | Temple   | 4253 ||| PLANNING OKAWARU WORSHIP
  4316 | Temple   | Became a worshipper of Warmaster Okawaru
  4317 | Temple   | 4317 ||| PLANNING D:1-11
  4330 | D:5      | 4330 ||| STAIRDANCE
  4334 | D:5      | 4334 ||| STAIRDANCE
  4338 | D:5      | 4338 ||| STAIRDANCE
  4342 | D:5      | 4342 ||| STAIRDANCE
  4346 | D:5      | 4346 ||| STAIRDANCE
  4350 | D:5      | 4350 ||| STAIRDANCE
  4354 | D:5      | 4354 ||| STAIRDANCE
  4358 | D:5      | 4358 ||| STAIRDANCE
  4362 | D:5      | 4362 ||| STAIRDANCE
  4366 | D:5      | 4366 ||| STAIRDANCE
  4370 | D:5      | 4370 ||| STAIRDANCE
  4374 | D:5      | 4374 ||| STAIRDANCE
  4378 | D:5      | 4378 ||| STAIRDANCE
  4382 | D:5      | 4382 ||| STAIRDANCE
  4386 | D:5      | 4386 ||| STAIRDANCE
  4390 | D:5      | 4390 ||| STAIRDANCE
  4394 | D:5      | 4394 ||| STAIRDANCE
  4398 | D:5      | 4398 ||| STAIRDANCE
  4402 | D:5      | 4402 ||| STAIRDANCE
  4406 | D:5      | 4406 ||| STAIRDANCE
  4690 | D:5      | Reached skill level 3 in Dodging
  4739 | D:5      | Reached XP level 9. HP: 55/55 MP: 9/9
  4763 | D:5      | Found a shimmering blue altar of Sif Muna.
  4803 | D:5      | Found the +11 Singing Sword {sonic wave}
  4974 | D:5      | 4974 ||| FLEEEEING.
  4975 | D:5      | 4975 ||| FLEEEEING.
  4976 | D:5      | 4976 ||| FLEEEEING.
  4977 | D:5      | 4977 ||| FLEEEEING.
  4978 | D:5      | 4978 ||| FLEEEEING.
  4979 | D:5      | 4979 ||| FLEEEEING.
  4980 | D:5      | 4980 ||| FLEEEEING.
  4981 | D:5      | 4981 ||| FLEEEEING.
  4982 | D:5      | 4982 ||| FLEEEEING.
  4983 | D:5      | 4983 ||| FLEEEEING.
  5390 | D:5      | 5390 ||| READING scroll labelled TENKITZ ZOFO.
  5391 | D:5      | 5391 ||| READING 2 scrolls labelled UXAN TAMOFAMO.
  5392 | D:5      | 5392 ||| READING scroll labelled GUFFEZEXUUT.
  5395 | D:5      | 5395 ||| READING 2 scrolls of identify.
  5395 | D:5      | 5395 ||| IDENTIFYING coppery potion
  5396 | D:5      | 5396 ||| DROPPING scroll of fear.
  5446 | D:6      | Reached skill level 7 in Fighting
  5621 | D:6      | Reached * piety under Okawaru
  5626 | D:6      | 5626 ||| INVOKING Heroism.
  5669 | D:6      | Found an opulent altar of Gozag.
  5800 | D:6      | Found Mofao's Weapon Shop.
  5808 | D:6      | 5808 ||| BUYING +1 orcbow of flaming (159 gold).
  5808 | D:6      | Bought a +1 orcbow of flaming for 159 gold pieces
  5808 | D:6      | 5808 ||| UPGRADING to +1 orcbow of flaming.
  5809 | D:6      | 5809 ||| DROPPING +3 shortbow.
  5833 | D:6      | Reached skill level 1 in Invocations
  5878 | D:6      | Found Qoseih's Serpentskin Sales.
  5897 | D:6      | 5897 ||| SHOPLISTING quicksilver dragon scales (720 gold,
                  | have 150).
  5917 | D:6      | 5917 ||| UPGRADING to +0 pair of gloves.
  5922 | D:6      | 5922 ||| UPGRADING to +5 ring of evasion.
  5924 | D:6      | 5924 ||| DROPPING +4 ring of protection.
  5925 | D:6      | 5925 ||| DROPPING +4 ring of slaying {mikee}.
  5926 | D:6      | 5926 ||| READING scroll labelled WIPSECL NANWYA.
  5964 | D:7      | Found a sparkling altar of Nemelex Xobeh.
  5977 | D:7      | Noticed Duvessa
  5977 | D:7      | Noticed Dowan
  5978 | D:7      | 5978 ||| INVOKING Heroism.
  5981 | D:7      | Killed Dowan
  5988 | D:7      | Killed Duvessa
  6116 | D:7      | Reached skill level 3 in Invocations
  6203 | D:7      | Found an ornate altar of the Wu Jian Council.
  6212 | D:7      | 6212 ||| INVOKING Heroism.
  6285 | D:7      | Found a glowing silver altar of Zin.
  6430 | D:7      | Noticed Pikel
  6433 | D:7      | 6433 ||| INVOKING Heroism.
  6447 | D:7      | Killed Pikel
  6448 | D:7      | Reached skill level 8 in Fighting
  6448 | D:7      | Reached XP level 10. HP: 57/65 MP: 11/13
  6688 | D:7      | Found the +2 ratskin cloak {*Rats rPois rN+ Str-1 Int-1
                  | Dex+1}
  6755 | D:7      | 6755 ||| UPGRADING to +2 ratskin cloak {*Rats rPois rN+
                  | Str-1 Int-1 Dex+1}.
  6760 | D:7      | 6760 ||| READING 3 scrolls of identify.
  6760 | D:7      | 6760 ||| IDENTIFYING red potion
  6761 | D:7      | 6761 ||| READING 2 scrolls of identify.
  6761 | D:7      | 6761 ||| IDENTIFYING glowing inky potion
  6762 | D:7      | 6762 ||| DROPPING potion of invisibility.
  6811 | D:8      | 6811 ||| READING scroll of enchant weapon.
  6811 | D:8      | 6811 ||| ENCHANTING +1 orcbow of flaming.
  6849 | D:8      | Noticed a two-headed ogre
  6850 | D:8      | 6850 ||| INVOKING Heroism.
  6860 | D:8      | Killed a two-headed ogre
  6860 | D:8      | Reached ** piety under Okawaru
  6881 | D:8      | 6881 ||| INVOKING Heroism.
  6885 | D:8      | 6885 ||| Stepping ~*~*~tactically~*~*~ (outnumbered).
  6889 | D:8      | Reached skill level 12 in Ranged Weapons
  6998 | D:8      | Noticed Grum
  6999 | D:8      | 6999 ||| INVOKING Heroism.
  7014 | D:8      | Killed Grum
  7021 | D:8      | Reached *** piety under Okawaru
  7071 | D:8      | 7071 ||| INVOKING Heroism.
  7247 | D:8      | Found a staircase to the Lair.
  7256 | D:8      | 7256 ||| INVOKING Heroism.
  7546 | D:8      | Identified the +0 ring mail of Qazlal's Benevolence {rElec
                  | rF+ Regen+ Int+3}
  7567 | D:8      | Reached XP level 11. HP: 69/69 MP: 14/14
  7625 | D:8      | Found Qeiwn's Jewellery Shoppe.
  7633 | D:8      | Noticed a two-headed ogre
  7639 | D:8      | 7639 ||| INVOKING Heroism.
  7653 | D:8      | Killed a two-headed ogre
  7654 | D:8      | Reached skill level 9 in Fighting
  7805 | D:8      | 7805 ||| SHOPLISTING +6 ring of dexterity (360 gold, have
                  | 298).
  7805 | D:8      | 7805 ||| SHOPLISTING amulet of Fedhas's Favour {Faith
                  | *Corrode +Inv rPois rF++} (701 gold, have 298).
  7805 | D:8      | 7805 ||| SHOPLISTING amulet of regeneration (300 gold, have
                  | 298).
  7805 | D:8      | 7805 ||| BUYING ring of protection from cold (250 gold).
  7805 | D:8      | Bought a ring of protection from cold for 250 gold pieces
  7805 | D:8      | 7805 ||| SHOPLISTING ring of the Wonderful God {rF+ rN+
                  | Dex+4} (424 gold, have 48).
  7951 | D:8      | 7951 ||| PLANNING LAIR
  7951 | D:8      | 7951 ||| UPGRADING to +0 ring mail of Qazlal's Benevolence
                  | {rElec rF+ Regen+ Int+3}.
  7961 | D:8      | 7961 ||| DROPPING +1 leather armour of poison resistance.
  7962 | D:8      | 7962 ||| READING scroll labelled FUEFIR EZU.
  7968 | Lair:1   | Entered Level 1 of the Lair of Beasts
  7969 | Lair:1   | 7969 ||| INVOKING Heroism.
  7972 | Lair:1   | Reached skill level 3 in Armour
  8002 | Lair:1   | 8002 ||| INVOKING Heroism.
  8010 | Lair:1   | 8010 ||| Stepping ~*~*~tactically~*~*~ (outnumbered).
  8015 | Lair:1   | Reached **** piety under Okawaru
  8026 | Lair:1   | 8026 ||| INVOKING Heroism.
  8042 | Lair:1   | 8042 ||| INVOKING Heroism.
  8087 | Lair:1   | 8087 ||| INVOKING Heroism.
  8169 | Lair:1   | 8169 ||| INVOKING Heroism.
  8187 | Lair:1   | Noticed Harold
  8193 | Lair:1   | Killed Harold
  8343 | Lair:1   | Noticed a fire dragon
  8344 | Lair:1   | 8344 ||| INVOKING Heroism.
  8353 | Lair:1   | Killed a fire dragon
  8353 | Lair:1   | Reached ***** piety under Okawaru
  8354 | Lair:1   | Reached skill level 10 in Fighting
  8354 | Lair:1   | Reached skill level 6 in Invocations
  8376 | Lair:1   | Identified the staff of fire "Seheint" {rF+ rCorr MP+9
                  | Dex-3}
  8442 | Lair:1   | 8442 ||| INVOKING Heroism.
  8475 | Lair:1   | Noticed Nergalle
  8476 | Lair:1   | 8476 ||| INVOKING Heroism.
  8484 | Lair:1   | Killed Nergalle
  8522 | Lair:1   | 8522 ||| INVOKING Heroism.
  8706 | Lair:1   | Reached XP level 12. HP: 77/77 MP: 17/17
  9048 | Lair:1   | 9048 ||| READING 2 scrolls of identify.
  9048 | Lair:1   | 9048 ||| IDENTIFYING sedimented puce potion
  9268 | Lair:2   | 9268 ||| READING scroll of enchant armour.
  9268 | Lair:2   | 9268 ||| ENCHANTING +0 pair of gloves.
  9773 | Lair:2   | 9773 ||| DRINKING 2 fizzy silvery potions.
  9787 | Lair:3   | Noticed an eight-headed hydra
  9788 | Lair:3   | 9788 ||| INVOKING Heroism.
  9795 | Lair:3   | Killed an eight-headed hydra
  9795 | Lair:3   | Received a gift from Okawaru
  9798 | Lair:3   | 9798 ||| STAIRDANCE
  9820 | Lair:2   | HP: 19/77 [wolf (6)]
  9821 | Lair:2   | 9821 ||| READING 3 scrolls of teleportation.
  9844 | Lair:2   | 9844 ||| INVOKING Heroism.
  9948 | Lair:3   | Noticed a seven-headed hydra
  9949 | Lair:3   | 9949 ||| INVOKING Heroism.
  9958 | Lair:3   | Killed a seven-headed hydra
  9987 | Lair:3   | Found a staircase to the Snake Pit.
 10023 | Lair:3   | Reached skill level 15 in Ranged Weapons
 10043 | Lair:3   | Reached skill level 9 in Invocations
 10051 | Lair:3   | 10051 ||| INVOKING Heroism.
 10316 | Lair:3   | Found a staircase to the Shoals.
 10317 | Lair:3   | 10317 ||| Stepping ~*~*~tactically~*~*~ (water).
 10645 | Lair:3   | 10645 ||| READING 2 scrolls labelled MONYAT DUSOTA.
 10646 | Lair:3   | 10646 ||| READING scroll of brand weapon.
 10646 | Lair:3   | 10646 ||| BRANDING +2 orcbow of freezing.
 10680 | Lair:3   | 10680 ||| INVOKING Heroism.
 10709 | Lair:3   | 10709 ||| DRINKING 2 metallic brown potions.
 10710 | Lair:3   | 10710 ||| READING 2 scrolls of identify.
 10710 | Lair:3   | 10710 ||| IDENTIFYING fizzy golden potion
 10894 | Lair:4   | 10894 ||| Stepping ~*~*~tactically~*~*~ (outnumbered).
 10971 | Lair:4   | Found a runed translucent door.
 10974 | Lair:4   | Identified the +0 ring mail of Axounnido {rF+ Will+ Slay+2}
                  | (Okawaru gifted it to you on level 4 of the Lair of Beasts)
 10974 | Lair:4   | Received a gift from Okawaru
 10975 | Lair:4   | Reached XP level 13. HP: 82/82 MP: 20/20
 10977 | Lair:4   | Found a viscous altar of Jiyva.
 10978 | Lair:4   | 10978 ||| INVOKING Heroism.
 10979 | Lair:4   | 10979 ||| INVOKING Finesse.
 11023 | Lair:4   | Noticed an acid blob
 11042 | Lair:4   | 11042 ||| INVOKING Heroism.
 11163 | Lair:4   | 11163 ||| INVOKING Heroism.
 11168 | Lair:4   | Reached skill level 6 in Dodging
 11223 | Lair:4   | 11223 ||| INVOKING Heroism.
 11270 | Lair:4   | 11270 ||| Stepping ~*~*~tactically~*~*~ (outnumbered).
 11274 | Lair:4   | Reached skill level 11 in Fighting
 11896 | Lair:4   | Found a staircase to the Slime Pits.
 11898 | Lair:4   | 11898 ||| DROPPING +0 ring mail of Axounnido {rF+ Will+
                  | Slay+2}.
 11899 | Lair:4   | 11899 ||| READING scroll labelled SIGUMO BOFERO.
 12000 | Lair:4   | 12000 ||| READING 3 scrolls of identify.
 12000 | Lair:4   | 12000 ||| IDENTIFYING bubbling silvery potion
 12001 | Lair:4   | 12001 ||| DROPPING potion of degeneration.
 12024 | Lair:5   | Entered Level 5 of the Lair of Beasts
 12025 | Lair:5   | 12025 ||| PLANNING GAUNTLET
 12036 | Lair:5   | 12036 ||| INVOKING Heroism.
 12039 | Lair:5   | Reached skill level 6 in Armour
 12120 | Lair:5   | 12120 ||| INVOKING Heroism.
 12148 | Lair:5   | Noticed Nessos
 12166 | Lair:5   | Killed Nessos
 12167 | Lair:5   | Reached skill level 12 in Fighting
 12220 | Lair:5   | 12220 ||| UPGRADING to +3 longbow of flaming.
 12221 | Lair:5   | 12221 ||| DROPPING +2 shortbow of freezing.
 12222 | Lair:5   | 12222 ||| DROPPING +2 orcbow of draining.
 12333 | Lair:5   | 12333 ||| INVOKING Heroism.
 12479 | Lair:5   | 12479 ||| INVOKING Heroism.
 12562 | Lair:5   | 12562 ||| RIP GAUNTLET
 12572 | Lair:5   | 12572 ||| PLANNING LAIR
 12572 | Lair:5   | 12572 ||| INVOKING Heroism.
 12573 | Lair:5   | 12573 ||| INVOKING Finesse.
 12579 | Lair:5   | Gained mutation: Your large and strong wings let you fly.
                  | [Gargoyle growth]
 12579 | Lair:5   | Reached XP level 14. HP: 92/92 MP: 13/21
 12635 | Lair:5   | 12635 ||| INVOKING Finesse.
 12638 | Lair:5   | 12638 ||| INVOKING Heroism.
 12645 | Lair:5   | Received a gift from Okawaru
 12716 | Lair:5   | 12716 ||| INVOKING Heroism.
 12771 | Lair:5   | 12771 ||| INVOKING Heroism.
 12841 | Lair:5   | Reached skill level 18 in Ranged Weapons
 12842 | Lair:5   | 12842 ||| INVOKING Heroism.
 12937 | Lair:5   | 12937 ||| INVOKING Heroism.
 12938 | Lair:5   | 12938 ||| INVOKING Finesse.
 12991 | Lair:5   | Identified the +7 shortbow of a wizard's laboratory {flame,
                  | rElec Dex+3 Stlth+}
 13314 | Lair:5   | 13314 ||| PLANNING D:1-11
 13455 | D:9      | Noticed Gastronok
 13458 | D:9      | 13458 ||| STAIRDANCE
 13490 | D:9      | 13490 ||| STAIRDANCE
 13518 | D:9      | 13518 ||| STAIRDANCE
 13520 | D:8      | Killed Gastronok
 13538 | D:8      | 13538 ||| UPGRADING to +1 hat.
 13577 | D:9      | Noticed Erolcha
 13578 | D:9      | 13578 ||| INVOKING Heroism.
 13579 | D:9      | 13579 ||| INVOKING Finesse.
 13587 | D:9      | Killed Erolcha
 13633 | D:9      | Found a staircase to the Orcish Mines.
 13963 | D:9      | 13963 ||| Stepping ~*~*~tactically~*~*~ (outnumbered).
 13966 | D:9      | 13966 ||| Stepping ~*~*~tactically~*~*~ (outnumbered).
 14008 | D:9      | 14008 ||| Stepping ~*~*~tactically~*~*~ (outnumbered).
 14016 | D:9      | 14016 ||| DRINKING 3 potions of curing.
 14016 | D:9      | 14016 ||| (to cure confusion)
 14344 | D:10     | Entered Level 10 of the Dungeon
 14474 | D:10     | Found a stormy altar of Qazlal.
 14527 | D:10     | Noticed Urug
 14528 | D:10     | 14528 ||| INVOKING Heroism.
 14529 | D:10     | 14529 ||| INVOKING Finesse.
 14533 | D:10     | Killed Urug
 14586 | D:10     | Found a burning altar of Makhleb.
 14587 | D:10     | Noticed an Executioner
 14836 | D:10     | 14836 ||| UPGRADING to +0 pair of boots.
 14841 | D:10     | 14841 ||| DROPPING scarf of invisibility.
 15014 | D:11     | 15014 ||| INVOKING Heroism.
 15014 | D:11     | Paralysed by an ogre mage for 5 turns
 15054 | D:11     | 15054 ||| INVOKING Heroism.
 15069 | D:11     | Identified the ring "Piahod Dehao" {Wiz rC+}
 15370 | D:11     | 15370 ||| PLANNING D
 15370 | D:11     | 15370 ||| DROPPING ring of protection from cold.
 15529 | D:12     | 15529 ||| Stepping ~*~*~tactically~*~*~ (outnumbered).
 15618 | D:12     | 15618 ||| Stepping ~*~*~tactically~*~*~ (outnumbered).
 15625 | D:12     | 15625 ||| Stepping ~*~*~tactically~*~*~ (outnumbered).
 15627 | D:12     | 15627 ||| Stepping ~*~*~tactically~*~*~ (outnumbered).
 15653 | D:12     | Noticed Psyche
 15663 | D:12     | 15663 ||| Stepping ~*~*~tactically~*~*~ (outnumbered).
 15668 | D:12     | Killed Psyche
 15671 | D:12     | 15671 ||| FLEEEEING.
 15672 | D:12     | 15672 ||| FLEEEEING.
 15673 | D:12     | 15673 ||| FLEEEEING.
 15682 | D:12     | 15682 ||| INVOKING Heroism.
 15683 | D:12     | 15683 ||| INVOKING Finesse.
 15694 | D:12     | Reached skill level 13 in Fighting
 15711 | D:12     | Identified the staff of earth "Iczoeff" {rF+ Will- rCorr
                  | Stlth+}
 15717 | D:12     | Reached XP level 15. HP: 94/98 MP: 18/22
 15771 | D:12     | Received a gift from Okawaru
 15772 | D:12     | Identified the ring of Law {Wiz Fly Dex+2 SInv}
 15773 | D:12     | 15773 ||| INVOKING Heroism.
 15791 | D:12     | Found a runed translucent door.
 15804 | D:12     | Identified the ring "Turul" {rN+ Int+2 Dex-3 SInv}
 15830 | D:12     | Found a runed translucent door.
 15848 | D:12     | Identified the +8 halberd of Fate {holy, rCorr Str+3}
 16343 | D:12     | 16343 ||| DROPPING +1 robe of willpower.
 16344 | D:12     | 16344 ||| UPGRADING to ring of Law {Wiz Fly Dex+2 SInv}.
 16346 | D:12     | 16346 ||| DROPPING ring "Turul" {rN+ Int+2 Dex-3 SInv}.
 16753 | D:13     | 16753 ||| READING scroll of brand weapon.
 16753 | D:13     | 16753 ||| BRANDING +3 longbow of flaming.
 16785 | D:14     | 16785 ||| STAIRDANCE
 16787 | D:13     | 16787 ||| INVOKING Heroism.
 16787 | D:13     | HP: 20/98 [war gargoyle/+0 great mace (8)]
 16787 | D:13     | HP: 4/98 [gargoyle/stone arrow (16)]
 16788 | D:13     | 16788 ||| READING 7 scrolls of teleportation.
 16788 | D:13     | HP: 1/98 [gargoyle/+0 mace (4)]
 16789 | D:13     | 16789 ||| DRINKING 4 potions of heal wounds.
 16790 | D:13     | 16790 ||| DRINKING 3 potions of heal wounds.
 16792 | D:13     | 16792 ||| DRINKING 2 potions of heal wounds.
 16908 | D:14     | Found a transporter.
 16923 | D:14     | Found a bloodstained altar of Trog.
 16923 | D:14     | Noticed qw's ghost (journeyman GrFi)
 17098 | D:14     | Found a transporter.
 17237 | D:14     | Found the ring of the Octopus King
 17253 | D:14     | Identified a ring of the Octopus King {Fly HP+2 AC+2 EV+2
                  | SH+2}
 17267 | D:14     | 17267 ||| INVOKING Heroism.
 17467 | D:14     | 17467 ||| FLEEEEING.
 17468 | D:14     | 17468 ||| FLEEEEING.
 17478 | D:14     | 17478 ||| FLEEEEING.
 17479 | D:14     | 17479 ||| FLEEEEING.
 17480 | D:14     | 17480 ||| FLEEEEING.
 17481 | D:14     | 17481 ||| FLEEEEING.
 17561 | D:14     | 17561 ||| INVOKING Heroism.
 17843 | D:14     | 17843 ||| INVOKING Heroism.
 17878 | D:14     | Identified the +11 great mace "Mubbos" {flame, rCorr}
 17880 | D:14     | Found a gate to the Vaults.
 17985 | D:14     | 17985 ||| DROPPING +5 ring of evasion.
 18022 | D:15     | Entered Level 15 of the Dungeon
 18031 | D:15     | 18031 ||| INVOKING Heroism.
 18133 | D:15     | 18133 ||| INVOKING Heroism.
 18189 | D:15     | 18189 ||| INVOKING Heroism.
 18211 | D:15     | Reached skill level 9 in Dodging
 18217 | D:15     | Noticed Josephine
 18220 | D:15     | Killed Josephine
 18249 | D:15     | 18249 ||| INVOKING Heroism.
 18280 | D:15     | Found a staircase to the Depths.
 18334 | D:15     | 18334 ||| FLEEEEING.
 18658 | D:15     | 18658 ||| PLANNING ORC
 18779 | Orc:1    | Entered Level 1 of the Orcish Mines
 18780 | Orc:1    | 18780 ||| INVOKING Heroism.
 19030 | Orc:1    | Noticed Maurice
 19035 | Orc:1    | Killed Maurice
 19036 | Orc:1    | Reached skill level 14 in Fighting
 19037 | Orc:1    | 19037 ||| Stepping ~*~*~tactically~*~*~ (outnumbered).
 19039 | Orc:1    | 19039 ||| Stepping ~*~*~tactically~*~*~ (outnumbered).
 19040 | Orc:1    | 19040 ||| Stepping ~*~*~tactically~*~*~ (outnumbered).
 19042 | Orc:1    | Noticed Sonja
 19043 | Orc:1    | 19043 ||| INVOKING Finesse.
 19050 | Orc:1    | 19050 ||| DRINKING 4 potions of curing.
 19050 | Orc:1    | 19050 ||| (to cure confusion)
 19052 | Orc:1    | Killed Sonja
 19053 | Orc:1    | Reached XP level 16. HP: 106/106 MP: 18/23
 19140 | Orc:1    | Received a gift from Okawaru
 19317 | Orc:2    | Entered Level 2 of the Orcish Mines
 19317 | Orc:2    | Found a staircase to the Elven Halls.
 19385 | Orc:2    | 19385 ||| INVOKING Heroism.
 19389 | Orc:2    | Reached skill level 9 in Armour
 19408 | Orc:2    | HP: 25/107 [ogre/+0 giant spiked club (17)]
 19409 | Orc:2    | 19409 ||| READING 7 scrolls of teleportation.
 19410 | Orc:2    | 19410 ||| DRINKING potion of heal wounds.
 19411 | Orc:2    | Found Mioseps's Antique Armour Shoppe.
 19411 | Orc:2    | Found Yhef Xiv's Antique Weapon Shop.
 19412 | Orc:2    | 19412 ||| BUYING fine robe (153 gold).
 19412 | Orc:2    | Bought a fine robe for 153 gold pieces
 19412 | Orc:2    | Identified the +1 robe of the Ladybird {Stlth+} (You bought
                  | it in a shop on level 2 of the Orcish Mines)
 19412 | Orc:2    | 19412 ||| BUYING pair of embroidered gloves (202 gold).
 19412 | Orc:2    | Bought a pair of embroidered gloves for 202 gold pieces
 19430 | Orc:2    | 19430 ||| INVOKING Heroism.
 19437 | Orc:2    | HP: 26/107 [orc/+0 mace (2)]
 19438 | Orc:2    | 19438 ||| READING 6 scrolls of teleportation.
 19459 | Orc:2    | 19459 ||| INVOKING Heroism.
 19464 | Orc:2    | Reached skill level 15 in Fighting
 19467 | Orc:2    | 19467 ||| DRINKING 3 potions of curing.
 19467 | Orc:2    | 19467 ||| (to cure confusion)
 19531 | Orc:2    | 19531 ||| INVOKING Heroism.
 19540 | Orc:2    | Identified the +8 triple crossbow "Solleruz" {flame, Int+6}
                  | (Okawaru gifted it to you on level 2 of the Orcish Mines)
 19540 | Orc:2    | Received a gift from Okawaru
 19542 | Orc:2    | 19542 ||| UPGRADING to +8 triple crossbow "Solleruz"
                  | {flame, Int+6}.
 19545 | Orc:2    | Found Sohepol's General Store.
 19555 | Orc:2    | Found Fimygic's Jewellery Emporium.
 19560 | Orc:2    | 19560 ||| BUYING amulet of regeneration (450 gold).
 19560 | Orc:2    | Bought an amulet of regeneration for 450 gold pieces
 19560 | Orc:2    | 19560 ||| BUYING potion of resistance (150 gold).
 19560 | Orc:2    | Bought a potion of resistance for 150 gold pieces
 19560 | Orc:2    | 19560 ||| BUYING scroll of teleportation (45 gold).
 19560 | Orc:2    | Bought a scroll of teleportation for 45 gold pieces
 19560 | Orc:2    | 19560 ||| BUYING scroll of teleportation (45 gold).
 19560 | Orc:2    | Bought a scroll of teleportation for 45 gold pieces
 19568 | Orc:2    | 19568 ||| BUYING ring of resist corrosion (280 gold).
 19568 | Orc:2    | Bought a ring of resist corrosion for 280 gold pieces
 19574 | Orc:2    | 19574 ||| BUYING runed longbow (304 gold).
 19574 | Orc:2    | Bought a runed longbow for 304 gold pieces
 19574 | Orc:2    | 19574 ||| DROPPING +1 longbow of flaming.
 19876 | Orc:2    | 19876 ||| PLANNING SNAKE:1-3
 19876 | Orc:2    | 19876 ||| DROPPING +1 robe of the Ladybird {Stlth+}.
 19877 | Orc:2    | 19877 ||| UPGRADING to +1 pair of gloves of strength.
 19887 | Orc:2    | 19887 ||| DROPPING +1 pair of gloves.
 19888 | Orc:2    | 19888 ||| UPGRADING to amulet of regeneration.
 20078 | Snake:1  | Entered Level 1 of the Snake Pit
 20142 | Snake:1  | 20142 ||| INVOKING Heroism.
 20183 | Snake:1  | 20183 ||| Stepping ~*~*~tactically~*~*~ (outnumbered).
 20186 | Snake:1  | 20186 ||| Stepping ~*~*~tactically~*~*~ (outnumbered).
 20188 | Snake:1  | 20188 ||| INVOKING Heroism.
 20403 | Snake:1  | Found Bojew's Armour Emporium.
 20410 | Snake:1  | Found Sutzair's Armour Shoppe.
 20411 | Snake:1  | Found Iwaoth Vysee's General Store.
 20414 | Snake:1  | 20414 ||| SHOPLISTING +5 ring mail of Space {Regen+} (612
                  | gold, have 594).
 20418 | Snake:1  | 20418 ||| BUYING ring of resist corrosion (380 gold).
 20418 | Snake:1  | Bought a ring of resist corrosion for 380 gold pieces
 20418 | Snake:1  | 20418 ||| BUYING scroll of teleportation (57 gold).
 20418 | Snake:1  | Bought a scroll of teleportation for 57 gold pieces
 20694 | Snake:1  | 20694 ||| INVOKING Heroism.
 20812 | Snake:1  | 20812 ||| READING 11 scrolls of identify.
 20812 | Snake:1  | 20812 ||| IDENTIFYING bubbling purple potion
 20853 | Snake:2  | Received a gift from Okawaru
 20865 | Snake:2  | 20865 ||| INVOKING Heroism.
 20870 | Snake:2  | Reached skill level 21 in Ranged Weapons
 20871 | Snake:2  | HP: 23/108 [salamander/+2 trident (7)]
 20872 | Snake:2  | 20872 ||| READING 8 scrolls of teleportation.
 20875 | Snake:2  | HP: 8/108 [salamander/+2 trident (5)]
 20876 | Snake:2  | Found a sacrificial altar of Ru.
 20877 | Snake:2  | 20877 ||| READING 7 scrolls of teleportation.
 20966 | Snake:2  | Noticed a nagaraja
 20967 | Snake:2  | 20967 ||| INVOKING Heroism.
 20970 | Snake:2  | Killed a nagaraja
 21000 | Snake:2  | 21000 ||| Stepping ~*~*~tactically~*~*~ (outnumbered).
 21010 | Snake:2  | 21010 ||| Stepping ~*~*~tactically~*~*~ (outnumbered).
 21029 | Snake:2  | Reached XP level 17. HP: 113/113 MP: 24/24
 21029 | Snake:2  | 21029 ||| Stepping ~*~*~tactically~*~*~ (outnumbered).
 21039 | Snake:2  | 21039 ||| READING scroll of enchant armour.
 21039 | Snake:2  | 21039 ||| ENCHANTING +1 pair of gloves of strength.
 21060 | Snake:2  | 21060 ||| INVOKING Heroism.
 21110 | Snake:2  | 21110 ||| DROPPING +3 heavy longbow.
 21356 | Snake:2  | Found Uner's Neck Hole.
 21360 | Snake:2  | 21360 ||| SHOPLISTING amulet of reflection (510 gold, have
                  | 239).
 21628 | Snake:3  | Identified the +5 kite shield "Ylaqoxza" {Harm Str+8
                  | Slay-4} (Okawaru gifted it to you on level 3 of the Snake
                  | Pit)
 21628 | Snake:3  | Received a gift from Okawaru
 21724 | Snake:3  | 21724 ||| Stepping ~*~*~tactically~*~*~ (outnumbered).
 21726 | Snake:3  | 21726 ||| Stepping ~*~*~tactically~*~*~ (outnumbered).
 21728 | Snake:3  | 21728 ||| Stepping ~*~*~tactically~*~*~ (outnumbered).
 21959 | Snake:3  | 21959 ||| PLANNING SHOALS:1-3
 21959 | Snake:3  | 21959 ||| READING scroll labelled LUSENO HECKOU.
 22077 | Shoals:1 | Entered Level 1 of the Shoals
 22106 | Shoals:1 | 22106 ||| Stepping ~*~*~tactically~*~*~ (outnumbered).
 22273 | Shoals:1 | 22273 ||| INVOKING Heroism.
 22285 | Shoals:1 | Reached skill level 16 in Fighting
 22932 | Shoals:1 | 22932 ||| DROPPING +6 ring of strength.
 23078 | Shoals:2 | 23078 ||| Stepping ~*~*~tactically~*~*~ (outnumbered).
 23081 | Shoals:2 | 23081 ||| FLEEEEING.
 23082 | Shoals:2 | 23082 ||| FLEEEEING.
 23083 | Shoals:2 | 23083 ||| FLEEEEING.
 23094 | Shoals:2 | 23094 ||| FLEEEEING.
 23095 | Shoals:2 | 23095 ||| FLEEEEING.
 23128 | Shoals:2 | 23128 ||| INVOKING Heroism.
 23193 | Shoals:2 | Noticed a kraken
 23200 | Shoals:2 | Killed a kraken
 23399 | Shoals:2 | 23399 ||| INVOKING Heroism.
 23541 | Shoals:2 | Received a gift from Okawaru
 23559 | Shoals:2 | Found a runed translucent door.
 23687 | Shoals:2 | 23687 ||| INVOKING Heroism.
 23688 | Shoals:2 | 23688 ||| INVOKING Finesse.
 23820 | Shoals:2 | 23820 ||| DROPPING +2 robe of cold resistance.
 23821 | Shoals:2 | 23821 ||| DROPPING +1 animal skin.
 23841 | Shoals:3 | 23841 ||| INVOKING Heroism.
 23842 | Shoals:3 | 23842 ||| INVOKING Finesse.
 23896 | Shoals:3 | 23896 ||| INVOKING Heroism.
 23897 | Shoals:3 | 23897 ||| INVOKING Finesse.
 23952 | Shoals:3 | 23952 ||| INVOKING Heroism.
 24071 | Shoals:3 | 24071 ||| INVOKING Heroism.
 24149 | Shoals:3 | 24149 ||| INVOKING Heroism.
 24160 | Shoals:3 | Reached XP level 18. HP: 122/122 MP: 25/25
 24201 | Shoals:3 | Reached skill level 17 in Fighting
 24208 | Shoals:3 | 24208 ||| INVOKING Heroism.
 24258 | Shoals:3 | 24258 ||| INVOKING Heroism.
 24261 | Shoals:3 | HP: 15/124 [satyr/arrow (24)]
 24262 | Shoals:3 | 24262 ||| READING 8 scrolls of teleportation.
 24263 | Shoals:3 | 24263 ||| DRINKING 3 potions of heal wounds.
 24637 | Shoals:3 | 24637 ||| PLANNING SNAKE:4
 24637 | Shoals:3 | 24637 ||| DROPPING ring of see invisible.
 24816 | Snake:4  | Entered Level 4 of the Snake Pit
 24817 | Snake:4  | 24817 ||| INVOKING Heroism.
 24927 | Snake:4  | 24927 ||| Stepping ~*~*~tactically~*~*~ (outnumbered).
 25023 | Snake:4  | Reached skill level 18 in Fighting
 25038 | Snake:4  | 25038 ||| INVOKING Heroism.
 25039 | Snake:4  | 25039 ||| Stepping ~*~*~tactically~*~*~ (outnumbered).
 25049 | Snake:4  | HP: 31/125 [anaconda (2)]
 25049 | Snake:4  | HP: 8/125 [naga sharpshooter/bolt (23)]
 25050 | Snake:4  | 25050 ||| READING 7 scrolls of teleportation.
 25051 | Snake:4  | 25051 ||| DRINKING 2 potions of heal wounds.
 25052 | Snake:4  | 25052 ||| DRINKING potion of heal wounds.
 25144 | Snake:4  | 25144 ||| INVOKING Heroism.
 25256 | Snake:4  | 25256 ||| INVOKING Heroism.
 25258 | Snake:4  | Noticed Aizul
 25269 | Snake:4  | Killed Aizul
 25398 | Snake:4  | 25398 ||| Stepping ~*~*~tactically~*~*~ (outnumbered).
 25403 | Snake:4  | 25403 ||| INVOKING Heroism.
 25405 | Snake:4  | 25405 ||| Stepping ~*~*~tactically~*~*~ (outnumbered).
 25409 | Snake:4  | 25409 ||| Stepping ~*~*~tactically~*~*~ (outnumbered).
 25432 | Snake:4  | 25432 ||| Stepping ~*~*~tactically~*~*~ (outnumbered).
 25434 | Snake:4  | 25434 ||| Stepping ~*~*~tactically~*~*~ (outnumbered).
 25436 | Snake:4  | 25436 ||| Stepping ~*~*~tactically~*~*~ (outnumbered).
 25438 | Snake:4  | 25438 ||| Stepping ~*~*~tactically~*~*~ (outnumbered).
 25443 | Snake:4  | 25443 ||| Stepping ~*~*~tactically~*~*~ (outnumbered).
 25444 | Snake:4  | 25444 ||| INVOKING Heroism.
 25447 | Snake:4  | 25447 ||| Stepping ~*~*~tactically~*~*~ (outnumbered).
 25466 | Snake:4  | Reached skill level 12 in Dodging
 25483 | Snake:4  | 25483 ||| Stepping ~*~*~tactically~*~*~ (outnumbered).
 25485 | Snake:4  | 25485 ||| Stepping ~*~*~tactically~*~*~ (outnumbered).
 25487 | Snake:4  | 25487 ||| Stepping ~*~*~tactically~*~*~ (outnumbered).
 25492 | Snake:4  | 25492 ||| Stepping ~*~*~tactically~*~*~ (outnumbered).
 25499 | Snake:4  | 25499 ||| Stepping ~*~*~tactically~*~*~ (outnumbered).
 25500 | Snake:4  | 25500 ||| Stepping ~*~*~tactically~*~*~ (outnumbered).
 25502 | Snake:4  | 25502 ||| Stepping ~*~*~tactically~*~*~ (outnumbered).
 25505 | Snake:4  | 25505 ||| INVOKING Heroism.
 25585 | Snake:4  | Got a serpentine rune of Zot
 25636 | Snake:4  | 25636 ||| PLANNING VAULTS:1-4
 25636 | Snake:4  | 25636 ||| UPGRADING to +2 pair of boots of rampaging.
 25646 | Snake:4  | 25646 ||| DROPPING +0 pair of boots.
 26066 | Vaults:1 | Entered Level 1 of the Vaults
 26407 | Vaults:1 | 26407 ||| INVOKING Heroism.
 26498 | Vaults:1 | 26498 ||| INVOKING Heroism.
 26499 | Vaults:1 | 26499 ||| INVOKING Finesse.
 26566 | Vaults:1 | 26566 ||| INVOKING Heroism.
 26567 | Vaults:1 | 26567 ||| INVOKING Finesse.
 26571 | Vaults:1 | Reached skill level 19 in Fighting
 26651 | Vaults:1 | 26651 ||| INVOKING Heroism.
 26656 | Vaults:1 | Reached XP level 19. HP: 72/132 MP: 23/26
 26753 | Vaults:1 | 26753 ||| INVOKING Heroism.
 26754 | Vaults:1 | 26754 ||| INVOKING Finesse.
 27194 | Vaults:1 | 27194 ||| DROPPING +3 leather armour.
 27234 | Vaults:2 | Received a gift from Okawaru
 27236 | Vaults:2 | 27236 ||| STAIRDANCE
 27269 | Vaults:2 | 27269 ||| INVOKING Heroism.
 27455 | Vaults:2 | Reached skill level 12 in Armour
 27514 | Vaults:2 | 27514 ||| Stepping ~*~*~tactically~*~*~ (outnumbered).
 27515 | Vaults:2 | 27515 ||| Stepping ~*~*~tactically~*~*~ (outnumbered).
 27525 | Vaults:2 | 27525 ||| READING scroll of enchant armour.
 27525 | Vaults:2 | 27525 ||| ENCHANTING +1 hat.
 27530 | Vaults:2 | Found a staircase to the Crypt.
 27633 | Vaults:2 | 27633 ||| Stepping ~*~*~tactically~*~*~ (outnumbered).
 27635 | Vaults:2 | 27635 ||| Stepping ~*~*~tactically~*~*~ (outnumbered).
 27640 | Vaults:2 | Identified the +2 buckler of Zeiddis {Will++ Int+4}
                  | (Okawaru gifted it to you on level 2 of the Vaults)
 27640 | Vaults:2 | Received a gift from Okawaru
 27679 | Vaults:2 | 27679 ||| INVOKING Heroism.
 27680 | Vaults:2 | 27680 ||| INVOKING Finesse.
 27688 | Vaults:2 | 27688 ||| Stepping ~*~*~tactically~*~*~ (outnumbered).
 27691 | Vaults:2 | 27691 ||| Stepping ~*~*~tactically~*~*~ (outnumbered).
 27887 | Vaults:2 | Reached skill level 20 in Fighting
 27969 | Vaults:2 | 27969 ||| INVOKING Heroism.
 27980 | Vaults:2 | HP: 26/135 [deep troll[an ironbound preserver] (15)]
 27981 | Vaults:2 | 27981 ||| READING 7 scrolls of teleportation.
 27982 | Vaults:2 | 27982 ||| DRINKING potion of heal wounds.
 28063 | Vaults:2 | 28063 ||| Stepping ~*~*~tactically~*~*~ (outnumbered).
 28064 | Vaults:2 | 28064 ||| Stepping ~*~*~tactically~*~*~ (outnumbered).
 28132 | Vaults:2 | 28132 ||| FLEEEEING.
 28133 | Vaults:2 | 28133 ||| FLEEEEING.
 28218 | Vaults:2 | 28218 ||| INVOKING Heroism.
 28219 | Vaults:2 | 28219 ||| INVOKING Finesse.
 28225 | Vaults:2 | 28225 ||| Stepping ~*~*~tactically~*~*~ (outnumbered).
 28236 | Vaults:2 | 28236 ||| Stepping ~*~*~tactically~*~*~ (outnumbered).
 28451 | Vaults:2 | 28451 ||| INVOKING Heroism.
 28452 | Vaults:2 | 28452 ||| INVOKING Finesse.
 28804 | Vaults:3 | 28804 ||| INVOKING Heroism.
 28811 | Vaults:3 | 28811 ||| Stepping ~*~*~tactically~*~*~ (outnumbered).
 28817 | Vaults:3 | Reached XP level 20. HP: 88/142 MP: 27/27
 28821 | Vaults:3 | HP: 31/142 [vault warden/+2 long sword of electrocution
                  | (10)]
 28822 | Vaults:3 | 28822 ||| READING 6 scrolls of teleportation.
 28954 | Vaults:3 | Found Raxitig's Antique Armour Emporium.
 28957 | Vaults:3 | 28957 ||| Stepping ~*~*~tactically~*~*~ (outnumbered).
 28960 | Vaults:3 | 28960 ||| Stepping ~*~*~tactically~*~*~ (outnumbered).
 28974 | Vaults:3 | 28974 ||| BUYING silken robe (233 gold).
 28974 | Vaults:3 | Bought a silken robe for 233 gold pieces
 28974 | Vaults:3 | Identified the +1 robe of the Baker {Str+5} (You bought it
                  | in a shop on level 3 of the Vaults)
 29062 | Vaults:3 | Reached skill level 21 in Fighting
 29082 | Vaults:3 | Received a gift from Okawaru
 29151 | Vaults:3 | 29151 ||| INVOKING Finesse.
 29186 | Vaults:3 | 29186 ||| INVOKING Heroism.
 29195 | Vaults:3 | 29195 ||| INVOKING Finesse.
 29242 | Vaults:3 | 29242 ||| INVOKING Finesse.
 29284 | Vaults:3 | 29284 ||| DROPPING +1 robe of the Baker {Str+5}.
 29374 | Vaults:3 | Identified the +4 crystal plate armour of the Lich-sworn
                  | {Dex+6} (Okawaru gifted it to you on level 3 of the Vaults)
 29374 | Vaults:3 | Received a gift from Okawaru
 29488 | Vaults:3 | Reached skill level 22 in Fighting
 29497 | Vaults:3 | 29497 ||| INVOKING Heroism.
 29585 | Vaults:3 | 29585 ||| FLEEEEING.
 29587 | Vaults:3 | 29587 ||| FLEEEEING.
 29588 | Vaults:3 | 29588 ||| FLEEEEING.
 29609 | Vaults:3 | 29609 ||| INVOKING Heroism.
 30249 | Vaults:4 | 30249 ||| FLEEEEING.
 30250 | Vaults:4 | 30250 ||| FLEEEEING.
 30251 | Vaults:4 | 30251 ||| FLEEEEING.
 30252 | Vaults:4 | 30252 ||| FLEEEEING.
 30253 | Vaults:4 | 30253 ||| FLEEEEING.
 30254 | Vaults:4 | 30254 ||| FLEEEEING.
 30255 | Vaults:4 | 30255 ||| FLEEEEING.
 30256 | Vaults:4 | 30256 ||| FLEEEEING.
 30257 | Vaults:4 | 30257 ||| FLEEEEING.
 30258 | Vaults:4 | 30258 ||| FLEEEEING.
 30259 | Vaults:4 | 30259 ||| FLEEEEING.
 30260 | Vaults:4 | 30260 ||| FLEEEEING.
 30261 | Vaults:4 | 30261 ||| FLEEEEING.
 30262 | Vaults:4 | 30262 ||| FLEEEEING.
 30263 | Vaults:4 | 30263 ||| FLEEEEING.
 30266 | Vaults:4 | 30266 ||| FLEEEEING.
 30268 | Vaults:4 | 30268 ||| FLEEEEING.
 30269 | Vaults:4 | 30269 ||| FLEEEEING.
 30270 | Vaults:4 | 30270 ||| FLEEEEING.
 30271 | Vaults:4 | 30271 ||| FLEEEEING.
 30272 | Vaults:4 | 30272 ||| FLEEEEING.
 30288 | Vaults:4 | Reached skill level 15 in Dodging
 30303 | Vaults:4 | 30303 ||| Stepping ~*~*~tactically~*~*~ (outnumbered).
 30307 | Vaults:4 | Identified the +4 pearl dragon scales "Qavemuon" {*Slow
                  | +Inv rN+ Will+ Dex+2} (Okawaru gifted it to you on level 4
                  | of the Vaults)
 30307 | Vaults:4 | Received a gift from Okawaru
 30313 | Vaults:4 | 30313 ||| Stepping ~*~*~tactically~*~*~ (outnumbered).
 30374 | Vaults:4 | 30374 ||| INVOKING Heroism.
 30375 | Vaults:4 | 30375 ||| INVOKING Finesse.
 30472 | Vaults:4 | Reached XP level 21. HP: 147/151 MP: 28/28
 30481 | Vaults:4 | 30481 ||| INVOKING Heroism.
 30624 | Vaults:4 | Noticed Zenata
 30625 | Vaults:4 | 30625 ||| INVOKING Heroism.
 30631 | Vaults:4 | Killed Zenata
 30739 | Vaults:4 | 30739 ||| Stepping ~*~*~tactically~*~*~ (outnumbered).
 30797 | Vaults:4 | 30797 ||| Stepping ~*~*~tactically~*~*~ (outnumbered).
 30799 | Vaults:4 | 30799 ||| Stepping ~*~*~tactically~*~*~ (outnumbered).
 30801 | Vaults:4 | 30801 ||| Stepping ~*~*~tactically~*~*~ (outnumbered).
 30803 | Vaults:4 | 30803 ||| Stepping ~*~*~tactically~*~*~ (outnumbered).
 31156 | Vaults:4 | 31156 ||| PLANNING SHOALS:4
 31156 | Vaults:4 | 31156 ||| DROPPING +6 ring of intelligence.
 31699 | Shoals:4 | Entered Level 4 of the Shoals
 31705 | Shoals:4 | Noticed Mlioglotl
 31706 | Shoals:4 | 31706 ||| STAIRDANCE
 31730 | Shoals:4 | 31730 ||| Stepping ~*~*~tactically~*~*~ (outnumbered).
 31733 | Shoals:4 | 31733 ||| Stepping ~*~*~tactically~*~*~ (outnumbered).
 31740 | Shoals:4 | Killed Mlioglotl
 31740 | Abyss:2  | Cast into level 2 of the Abyss (merfolk impaler)
 31776 | Shoals:4 | Escaped the Abyss
 31884 | Shoals:4 | 31884 ||| Stepping ~*~*~tactically~*~*~ (outnumbered).
 31885 | Shoals:4 | 31885 ||| Stepping ~*~*~tactically~*~*~ (outnumbered).
 31920 | Shoals:4 | Identified the ring "Zaorer" {Fire Dex+4}
 32135 | Shoals:4 | 32135 ||| Stepping ~*~*~tactically~*~*~ (outnumbered).
 32136 | Shoals:4 | 32136 ||| Stepping ~*~*~tactically~*~*~ (outnumbered).
 32140 | Shoals:4 | 32140 ||| Stepping ~*~*~tactically~*~*~ (outnumbered).
 32168 | Shoals:4 | 32168 ||| Stepping ~*~*~tactically~*~*~ (outnumbered).
 32233 | Shoals:4 | 32233 ||| INVOKING Heroism.
 32234 | Shoals:4 | 32234 ||| Stepping ~*~*~tactically~*~*~ (outnumbered).
 32235 | Shoals:4 | 32235 ||| Stepping ~*~*~tactically~*~*~ (outnumbered).
 32242 | Shoals:4 | 32242 ||| Stepping ~*~*~tactically~*~*~ (outnumbered).
 32262 | Shoals:4 | 32262 ||| INVOKING Heroism.
 32307 | Shoals:4 | Got a barnacled rune of Zot
 32521 | Shoals:4 | 32521 ||| Stepping ~*~*~tactically~*~*~ (outnumbered).
 32523 | Shoals:4 | 32523 ||| Stepping ~*~*~tactically~*~*~ (outnumbered).
 32525 | Shoals:4 | 32525 ||| Stepping ~*~*~tactically~*~*~ (outnumbered).
 32527 | Shoals:4 | 32527 ||| Stepping ~*~*~tactically~*~*~ (outnumbered).
 32546 | Shoals:4 | Identified the +4 hand axe "Jinut" {flame, rPois rF+
                  | Stlth+}
 32571 | Shoals:4 | 32571 ||| Stepping ~*~*~tactically~*~*~ (outnumbered).
 32574 | Shoals:4 | 32574 ||| Stepping ~*~*~tactically~*~*~ (outnumbered).
 32576 | Shoals:4 | 32576 ||| Stepping ~*~*~tactically~*~*~ (outnumbered).
 32610 | Shoals:4 | 32610 ||| Stepping ~*~*~tactically~*~*~ (outnumbered).
 32612 | Shoals:4 | 32612 ||| Stepping ~*~*~tactically~*~*~ (outnumbered).
 32621 | Shoals:4 | Reached skill level 23 in Fighting
 32733 | Shoals:4 | 32733 ||| PLANNING DEPTHS
 32733 | Shoals:4 | 32733 ||| UPGRADING to amulet of reflection.
 32743 | Shoals:4 | 32743 ||| DROPPING amulet of regeneration.
 33097 | Depths:1 | Entered Level 1 of the Depths
 33203 | Depths:1 | Found an ornate altar of the Wu Jian Council.
 33277 | Depths:1 | 33277 ||| INVOKING Heroism.
 33284 | Depths:1 | 33284 ||| INVOKING Finesse.
 33363 | Depths:1 | 33363 ||| DRINKING 11 potions of curing.
 33363 | Depths:1 | 33363 ||| (to cure confusion)
 33371 | Depths:1 | Found a sacrificial altar of Ru.
 33374 | Depths:1 | 33374 ||| INVOKING Heroism.
 33375 | Depths:1 | 33375 ||| INVOKING Finesse.
 33478 | Depths:1 | 33478 ||| DROPPING amulet of guardian spirit.
 33732 | Depths:1 | Found a gateway to Hell.
 33783 | Depths:2 | 33783 ||| INVOKING Heroism.
 33835 | Depths:2 | 33835 ||| INVOKING Heroism.
 33846 | Depths:2 | Reached XP level 22. HP: 106/160 MP: 29/29
 33909 | Depths:2 | 33909 ||| INVOKING Heroism.
 33951 | Depths:2 | 33951 ||| FLEEEEING.
 33952 | Depths:2 | 33952 ||| FLEEEEING.
 33967 | Depths:2 | Found a one-way gate leading to the halls of Pandemonium.
 34097 | Depths:2 | 34097 ||| FLEEEEING.
 34098 | Depths:2 | 34098 ||| FLEEEEING.
 34099 | Depths:2 | 34099 ||| FLEEEEING.
 34100 | Depths:2 | 34100 ||| FLEEEEING.
 34131 | Depths:2 | Received a gift from Okawaru
 34134 | Depths:2 | Paralysed by a floating eye for 4 turns
 34182 | Depths:2 | Identified the +6 leather armour of Decompression {rPois
                  | rC++ Will+ Slay-4}
 34184 | Depths:2 | Identified the staff of air "Omat" {rElec rN+ Int+3}
 34215 | Depths:2 | 34215 ||| Stepping ~*~*~tactically~*~*~ (outnumbered).
 34319 | Depths:2 | Found a transporter.
 34382 | Depths:2 | 34382 ||| INVOKING Heroism.
 34389 | Depths:2 | HP: 39/161 [hell knight/+5 demon trident (6)]
 34390 | Depths:2 | 34390 ||| READING 6 scrolls of teleportation.
 34391 | Depths:2 | 34391 ||| DRINKING potion of heal wounds.
 34527 | Depths:2 | Noticed qw's ghost (adept MiHu)
 34614 | Depths:2 | Found a transporter.
 34630 | Depths:2 | Reached skill level 24 in Fighting
 34653 | Depths:2 | Noticed an ancient lich
 34655 | Depths:2 | Noticed a profane servitor
 34860 | Depths:2 | 34860 ||| UPGRADING to +6 leather armour of Decompression
                  | {rPois rC++ Will+ Slay-4}.
 34870 | Depths:2 | 34870 ||| DROPPING +2 pair of gloves.
 34871 | Depths:2 | 34871 ||| DROPPING ring of ice.
 34872 | Depths:2 | 34872 ||| DROPPING ring of wizardry.
 34915 | Depths:3 | 34915 ||| INVOKING Finesse.
 34941 | Depths:3 | 34941 ||| DRINKING 12 potions of curing.
 34941 | Depths:3 | 34941 ||| (to cure confusion)
 34948 | Depths:3 | 34948 ||| DRINKING 11 potions of curing.
 34948 | Depths:3 | 34948 ||| (to cure confusion)
 34953 | Depths:3 | 34953 ||| FLEEEEING.
 34954 | Depths:3 | 34954 ||| FLEEEEING.
 34955 | Depths:3 | 34955 ||| FLEEEEING.
 34956 | Depths:3 | 34956 ||| FLEEEEING.
 34957 | Depths:3 | 34957 ||| FLEEEEING.
 34958 | Depths:3 | 34958 ||| FLEEEEING.
 34959 | Depths:3 | 34959 ||| STAIRDANCE
 35040 | Depths:3 | Identified the +0 chain mail of Jigsaw {Int+3 SInv}
                  | (Okawaru gifted it to you on level 3 of the Depths)
 35040 | Depths:3 | Received a gift from Okawaru
 35049 | Depths:3 | Found Pipaqigg's General Store.
 35049 | Depths:3 | Found Qoypnibb's General Store.
 35055 | Depths:3 | 35055 ||| INVOKING Finesse.
 35080 | Depths:3 | 35080 ||| INVOKING Finesse.
 35114 | Depths:3 | 35114 ||| BUYING potion of curing (33 gold).
 35114 | Depths:3 | Bought a potion of curing for 33 gold pieces
 35114 | Depths:3 | 35114 ||| BUYING scroll of teleportation (33 gold).
 35114 | Depths:3 | Bought a scroll of teleportation for 33 gold pieces
 35188 | Depths:3 | Found a one-way gateway to a ziggurat.
 35203 | Depths:3 | 35203 ||| INVOKING Finesse.
 35338 | Depths:3 | 35338 ||| INVOKING Heroism.
 35425 | Depths:3 | Found Big Baal Hell's Store.
 35429 | Depths:3 | 35429 ||| Stepping ~*~*~tactically~*~*~ (outnumbered).
 35431 | Depths:3 | 35431 ||| Stepping ~*~*~tactically~*~*~ (outnumbered).
 35437 | Depths:3 | 35437 ||| Stepping ~*~*~tactically~*~*~ (outnumbered).
 35556 | Depths:3 | 35556 ||| SHOPLISTING quicksilver dragon scales of the
                  | Beginning {rF- rN+++ Will+ Int-5 Dex+2} (4930 gold, have
                  | 1367).
 35556 | Depths:3 | 35556 ||| SHOPLISTING ring "Fairawuff" {rC- rCorr Str+3
                  | Int+2} (2013 gold, have 1367).
 35556 | Depths:3 | 35556 ||| SHOPLISTING ring "Nicidubb" {rC+ Str+3 Stlth+}
                  | (2712 gold, have 1367).
 35721 | Depths:3 | 35721 ||| INVOKING Heroism.
 35774 | Depths:3 | Reached skill level 18 in Dodging
 36000 | Depths:3 | 36000 ||| INVOKING Heroism.
 36069 | Depths:3 | Found a one-way gate to the infinite horrors of the Abyss.
 36147 | Depths:4 | Entered Level 4 of the Depths
 36186 | Depths:4 | 36186 ||| INVOKING Heroism.
 36229 | Depths:4 | 36229 ||| INVOKING Heroism.
 36287 | Depths:4 | 36287 ||| Stepping ~*~*~tactically~*~*~ (outnumbered).
 36308 | Depths:4 | 36308 ||| INVOKING Heroism.
 36319 | Depths:4 | 36319 ||| Stepping ~*~*~tactically~*~*~ (cloud).
 36456 | Depths:4 | 36456 ||| INVOKING Heroism.
 36541 | Depths:4 | 36541 ||| Stepping ~*~*~tactically~*~*~ (outnumbered).
 36664 | Depths:4 | Reached XP level 23. HP: 167/167 MP: 30/30
 36782 | Depths:4 | Noticed a golden dragon
 36783 | Depths:4 | 36783 ||| INVOKING Heroism.
 36784 | Depths:4 | 36784 ||| Stepping ~*~*~tactically~*~*~ (outnumbered).
 36796 | Depths:4 | Killed a golden dragon
 36875 | Depths:4 | Found a gate to the Realm of Zot.
 36935 | Depths:4 | Gained mutation: Your body sometimes deteriorates upon
                  | taking damage. [mutagenic glow]
 36954 | Depths:4 | Gained mutation: You are clumsy. (Dex -2) [mutagenic glow]
 36963 | Depths:4 | Lost mutation: Your body sometimes deteriorates upon taking
                  | damage. [mutagenic glow]
 36971 | Depths:4 | Gained mutation: You sometimes lose your temper in combat.
                  | [mutagenic glow]
 36972 | Depths:4 | 36972 ||| DRINKING 4 potions of mutation.
 36972 | Depths:4 | Lost mutation: You sometimes lose your temper in combat.
                  | [potion of mutation]
 36972 | Depths:4 | Lost mutation: You have a pair of small horns on your head.
                  | [potion of mutation]
 36972 | Depths:4 | Gained mutation: Your body sometimes deteriorates upon
                  | taking damage. [potion of mutation]
 36989 | Depths:4 | Gained mutation: Your magical capacity is low. (-10% MP)
                  | [mutagenic glow]
 37000 | Depths:4 | Gained mutation: Your magical capacity is very low. (-20%
                  | MP) [mutagenic glow]
 37181 | Depths:4 | 37181 ||| INVOKING Heroism.
 37409 | Depths:4 | 37409 ||| PLANNING VAULTS:5
 37740 | Vaults:5 | Entered Level 5 of the Vaults
 37741 | Vaults:5 | 37741 ||| INVOKING Heroism.
 37755 | Vaults:5 | 37755 ||| STAIRDANCE
 37761 | Vaults:4 | HP: 34/167 [vault guard/+0 dire flail (14)]
 37762 | Vaults:4 | 37762 ||| READING 7 scrolls of teleportation.
 37763 | Vaults:4 | 37763 ||| DRINKING potion of heal wounds.
 38087 | Vaults:5 | 38087 ||| INVOKING Heroism.
 38097 | Vaults:5 | HP: 31/168 [orc knight/+2 heavy war axe (18)]
 38098 | Vaults:5 | 38098 ||| READING 6 scrolls of teleportation.
 38098 | Vaults:5 | Noticed a dread lich
 38100 | Vaults:5 | Received a gift from Okawaru
 38101 | Vaults:5 | HP: 13/168 [vault guard/+0 halberd (9)]
 38150 | Vaults:5 | 38150 ||| READING 5 scrolls of teleportation.
 38151 | Vaults:5 | 38151 ||| INVOKING Heroism.
 38182 | Vaults:5 | Identified the +6 scimitar "Syrr" {heavy, Will+++ Int-2
                  | Dex+6}
 38221 | Vaults:5 | 38221 ||| INVOKING Heroism.
 38269 | Vaults:5 | Noticed a dread lich
 38270 | Vaults:5 | 38270 ||| INVOKING Heroism.
 38278 | Vaults:5 | Killed a dread lich
 38310 | Vaults:5 | 38310 ||| INVOKING Heroism.
 38366 | Vaults:5 | 38366 ||| INVOKING Heroism.
 38377 | Vaults:5 | Identified the ring of Tender Moments {rF+ Will+}
 38387 | Vaults:5 | Reached skill level 25 in Fighting
 38419 | Vaults:5 | 38419 ||| INVOKING Heroism.
 38591 | Vaults:5 | Identified the +9 plate armour "Wipinoimm" {Drain rPois rF+
                  | rC+}
 38606 | Vaults:5 | 38606 ||| INVOKING Heroism.
 38641 | Vaults:5 | Identified the +0 pair of boots of the Game of Kings {rElec
                  | rN++ Stlth+}
 38663 | Vaults:5 | 38663 ||| INVOKING Heroism.
 38673 | Vaults:5 | 38673 ||| INVOKING Heroism.
 38719 | Vaults:5 | Identified the +8 rapier "Faimmil" {drain, *Corrode rElec
                  | Int+5}
 38719 | Vaults:5 | Identified the ring "Foaseoh" {rC- Will+ rCorr MP+9 Int+5}
 38766 | Vaults:5 | 38766 ||| Stepping ~*~*~tactically~*~*~ (outnumbered).
 38781 | Vaults:5 | 38781 ||| INVOKING Heroism.
 38829 | Vaults:5 | 38829 ||| INVOKING Heroism.
 38921 | Vaults:5 | Reached skill level 26 in Fighting
 39002 | Vaults:5 | 39002 ||| INVOKING Heroism.
 39014 | Vaults:5 | Identified the ring of Tunkyepp {Drain rPois rC+ Str+3}
 39015 | Vaults:5 | 39015 ||| Stepping ~*~*~tactically~*~*~ (outnumbered).
 39017 | Vaults:5 | 39017 ||| Stepping ~*~*~tactically~*~*~ (outnumbered).
 39042 | Vaults:5 | Noticed an ancient lich
 39045 | Vaults:5 | Killed a dread lich
 39051 | Vaults:5 | 39051 ||| INVOKING Heroism.
 39056 | Vaults:5 | Killed an ancient lich
 39060 | Vaults:5 | 39060 ||| DRINKING 13 potions of curing.
 39060 | Vaults:5 | 39060 ||| (to cure confusion)
 39179 | Vaults:5 | 39179 ||| INVOKING Heroism.
 39296 | Vaults:5 | 39296 ||| INVOKING Heroism.
 39361 | Vaults:5 | 39361 ||| FLEEEEING.
 39363 | Vaults:5 | 39363 ||| STAIRDANCE
 39431 | Vaults:4 | 39431 ||| DROPPING +0 troll leather armour.
 39432 | Vaults:4 | 39432 ||| DROPPING +0 pair of boots of the Game of Kings
                  | {rElec rN++ Stlth+}.
 39433 | Vaults:4 | 39433 ||| DROPPING ring "Piahod Dehao" {Wiz rC+}.
 39518 | Vaults:5 | Noticed a golden dragon
 39519 | Vaults:5 | 39519 ||| INVOKING Heroism.
 39523 | Vaults:5 | Killed a golden dragon
 39616 | Vaults:5 | Found Jaofus's Jewellery Shoppe.
 39624 | Vaults:5 | 39624 ||| BUYING ring "Ynyen" {rF+ Dex+6 SInv} (1084 gold).
 39624 | Vaults:5 | Bought the ring "Ynyen" {rF+ Dex+6 SInv} for 1084 gold
                  | pieces
 39679 | Vaults:5 | Identified a scroll of acquirement
 39689 | Vaults:5 | 39689 ||| READING scroll of acquirement.
 39689 | Vaults:5 | 39689 ||| ACQUIRING 891 gold pieces
 39689 | Vaults:5 | Acquired 891 gold pieces
 39698 | Vaults:5 | 39698 ||| INVOKING Heroism.
 39701 | Vaults:5 | Reached XP level 24. HP: 178/178 MP: 22/24
 39726 | Vaults:5 | Got a silver rune of Zot
 39803 | Vaults:5 | Identified the staff of air "Ydomeh Buum" {rElec Int+5}
 40020 | Vaults:5 | Found Zyzusin's Jewellery Emporium.
 40028 | Vaults:5 | 40028 ||| BUYING amulet of faith (480 gold).
 40028 | Vaults:5 | Bought an amulet of faith for 480 gold pieces
 40048 | Vaults:5 | Identified the +1 ring mail of the Aged Interlopers {rF-
                  | rN+ Will+++ Slay+2}
 40106 | Vaults:5 | 40106 ||| INVOKING Heroism.
 40176 | Vaults:5 | 40176 ||| INVOKING Heroism.
 40243 | Vaults:5 | 40243 ||| PLANNING SHOPPING SPREE
 40243 | Vaults:5 | 40243 ||| UPGRADING to amulet of faith.
 40253 | Vaults:5 | 40253 ||| DROPPING ring of the Octopus King {Fly HP+2 AC+2
                  | EV+2 SH+2}.
 40254 | Vaults:5 | 40254 ||| UPGRADING to ring "Ynyen" {rF+ Dex+6 SInv}.
 40256 | Vaults:5 | 40256 ||| UPGRADING to ring "Zaorer" {Fire Dex+4}.
 40258 | Vaults:5 | 40258 ||| UPGRADING to +6 ring of dexterity.
 40260 | Vaults:5 | 40260 ||| DROPPING ring of Law {Wiz Fly Dex+2 SInv}.
 40753 | D:5      | 40753 ||| BUYING runed ring mail (203 gold).
 40753 | D:5      | Bought a runed ring mail for 203 gold pieces
 40753 | D:5      | 40753 ||| DROPPING +1 ring mail of willpower.
 40860 | D:8      | 40860 ||| BUYING amulet of Fedhas's Favour {Faith *Corrode
                  | +Inv rPois rF++} (701 gold).
 40860 | D:8      | Bought the amulet of Fedhas's Favour {Faith *Corrode +Inv
                  | rPois rF++} for 701 gold pieces
 40860 | D:8      | 40860 ||| BUYING ring of the Wonderful God {rF+ rN+ Dex+4}
                  | (424 gold).
 40860 | D:8      | Bought the ring of the Wonderful God {rF+ rN+ Dex+4} for
                  | 424 gold pieces
 40889 | D:8      | 40889 ||| UPGRADING to +1 helmet.
 40899 | D:8      | 40899 ||| DROPPING +2 hat.
 40900 | D:8      | 40900 ||| UPGRADING to amulet of Fedhas's Favour {Faith
                  | *Corrode +Inv rPois rF++}.
 40910 | D:8      | 40910 ||| UPGRADING to +1 ring mail of the Aged Interlopers
                  | {rF- rN+ Will+++ Slay+2}.
 40920 | D:8      | 40920 ||| DROPPING ring of Tender Moments {rF+ Will+}.
 40921 | D:8      | 40921 ||| DROPPING ring "Zaorer" {Fire Dex+4}.
 41127 | Snake:1  | 41127 ||| BUYING +5 ring mail of Space {Regen+} (612 gold).
 41127 | Snake:1  | Bought the +5 ring mail of Space {Regen+} for 612 gold
                  | pieces
 41127 | Snake:1  | 41127 ||| UPGRADING to +5 ring mail of Space {Regen+}.
 41137 | Snake:1  | 41137 ||| DROPPING +2 ring mail of cold resistance.
 41138 | Snake:1  | 41138 ||| DROPPING quicksilver dragon scales.
 41139 | Snake:1  | 41139 ||| CLEARING SHOPPING LIST
 41139 | Snake:1  | 41139 ||| PLANNING ZOT:1-4
 41564 | Zot:1    | Entered Level 1 of the Realm of Zot
 41603 | Zot:1    | 41603 ||| Stepping ~*~*~tactically~*~*~ (outnumbered).
 41605 | Zot:1    | 41605 ||| Stepping ~*~*~tactically~*~*~ (outnumbered).
 41677 | Zot:1    | 41677 ||| INVOKING Heroism.
 41734 | Zot:1    | Found a transporter.
 41737 | Zot:1    | Found a transporter.
 41809 | Zot:1    | 41809 ||| INVOKING Heroism.
 41823 | Zot:1    | 41823 ||| Stepping ~*~*~tactically~*~*~ (outnumbered).
 41830 | Zot:1    | 41830 ||| Stepping ~*~*~tactically~*~*~ (outnumbered).
 41832 | Zot:1    | 41832 ||| Stepping ~*~*~tactically~*~*~ (outnumbered).
 41834 | Zot:1    | 41834 ||| Stepping ~*~*~tactically~*~*~ (outnumbered).
 41877 | Zot:1    | Found a transporter.
 41879 | Zot:1    | Found a transporter.
 41906 | Zot:1    | Reached skill level 15 in Armour
 41907 | Zot:1    | 41907 ||| Stepping ~*~*~tactically~*~*~ (outnumbered).
 41909 | Zot:1    | 41909 ||| Stepping ~*~*~tactically~*~*~ (outnumbered).
 41912 | Zot:1    | 41912 ||| INVOKING Heroism.
 41913 | Zot:1    | 41913 ||| Stepping ~*~*~tactically~*~*~ (outnumbered).
 42035 | Zot:1    | 42035 ||| INVOKING Heroism.
 42099 | Zot:1    | 42099 ||| INVOKING Heroism.
 42282 | Zot:1    | Found a transporter.
 42288 | Zot:1    | Found a transporter.
 42289 | Zot:1    | 42289 ||| INVOKING Heroism.
 42295 | Zot:1    | 42295 ||| Stepping ~*~*~tactically~*~*~ (outnumbered).
 42653 | Zot:2    | Noticed a curse toe
 42654 | Zot:2    | 42654 ||| INVOKING Heroism.
 42666 | Zot:2    | 42666 ||| STAIRDANCE
 42767 | Zot:2    | 42767 ||| INVOKING Heroism.
 42775 | Zot:2    | Killed a curse toe
 42827 | Zot:2    | 42827 ||| Stepping ~*~*~tactically~*~*~ (outnumbered).
 42830 | Zot:2    | 42830 ||| Stepping ~*~*~tactically~*~*~ (outnumbered).
 42833 | Zot:2    | 42833 ||| FLEEEEING.
 42848 | Zot:2    | 42848 ||| Stepping ~*~*~tactically~*~*~ (outnumbered).
 42849 | Zot:2    | 42849 ||| INVOKING Heroism.
 42870 | Zot:2    | HP: 29/178 [purple draconian shifter/bolt of dispelling
                  | energy[a yellow draconian annihilator] (18)]
 42871 | Zot:2    | 42871 ||| READING 15 scrolls of teleportation.
 42872 | Zot:2    | 42872 ||| DRINKING potion of heal wounds.
 42875 | Zot:2    | HP: 43/178 [death cob (14)]
 42945 | Zot:2    | 42945 ||| INVOKING Heroism.
 43165 | Zot:2    | 43165 ||| INVOKING Heroism.
 43166 | Zot:2    | Noticed an orb of fire
 43173 | Zot:2    | Killed an orb of fire
 43180 | Zot:2    | Noticed a dread lich
 43182 | Zot:2    | Killed a dread lich
 43193 | Zot:2    | 43193 ||| INVOKING Heroism.
 43208 | Zot:2    | HP: 28/178 [white draconian/+0 mace (19)]
 43209 | Zot:2    | 43209 ||| READING 14 scrolls of teleportation.
 43209 | Zot:2    | HP: 12/178 [white draconian/+0 short sword (6)]
 43209 | Zot:2    | Mangled by a white draconian

Levels and vault maps discovered:
D:1:      minmay_arrival_four_loops, layout_rooms,
          hellmonk_ecumenical_altar_arch_garden
D:2:      layout_loops_ring, basic_altar, grunt_decor_clamped, minmay_tall_x,
          uniq_sigmund
D:3:      layout_rooms, corexii_item_surrounded_by_moat, grunt_ministairs_7,
          kennysheep_crisscross, corexii_item_surrounded_by_moat,
          uniq_crazy_yiuf_cottage
D:4:      layout_loops_corners, nicolae_overflow_hidden_temple, serial_bayou,
          serial_bayou_pond_d, serial_bayou_lagoon_b, serial_bayou_lake_a,
          serial_bayou_lagoon_a, kennysheep_generic_room_16
D:5:      old_forge, layout_gridville, kennysheep_mini,
          minmay_temple_entry_gardened_gates, serial_shops, shop,
          nicolae_ossuary_entry_catacombs, minmay_fractal_squares_gapless_5,
          uniq_grinder
D:6:      layout_rooms, mainiacjoe_overflow_concentric_impassable, serial_shops,
          nicolae_shop_tiny_real_fake_doors, guppyfry_shop_venom
D:7:      layout_loops_ring, overflow_temple_1_default,
          gammafunk_temple_overflow_statue, uniq_pikel, uniq_duvessa
D:8:      minmay_bubble_buster, layout_basic, david_lair_shrubbed, serial_shops,
          nicolae_shop_tiny_waterfront, nrook_mini_vaults,
          kennysheep_cluttered_room, uniq_grum
D:9:      kennysheep_kobold_camp, layout_long_grid, orc_0_dummy, uniq_erolcha,
          uniq_gastronok
D:10:     layout_rooms, makhleb_altar_promises_db,
          nicolae_qazlal_scattered_showers, uniq_urug
D:11:     layout_roguey, minmay_diamond_spiral
D:12:     minmay_the_grid_triangle_9x9_rhombus_full_mashed
          [minmay_the_grid_triangle_9x9_flanged_cone,
          minmay_the_grid_triangle_9x9_dagger,
          minmay_the_grid_triangle_9x9_negative_grid,
          minmay_the_grid_triangle_9x9_windchime,
          minmay_the_grid_triangle_9x9_tough_junction,
          minmay_the_grid_triangle_9x9_swiss_cheese,
          minmay_the_grid_triangle_9x9_from_above,
          minmay_the_grid_triangle_9x9_prize_schism], layout_basic,
          serial_rivers, chequers_serial_rivers_small_b,
          chequers_serial_rivers_room_b, chequers_serial_rivers_micro_e,
          chequers_serial_rivers_large_a, chequers_serial_rivers_micro_d,
          uniq_psyche
D:13:     layout_big_octagon
D:14:     gargoyle_guard, layout_grid_maze, ximxim_vaults_locker_room,
          gammafunk_ghost_wrathful_warriors, nicolae_elevator_lobby_plus
D:15:     hangedman_depths_entry_try_elsewhere_first, layout_irregular_city,
          grunt_decor_mini_mirrors, uniq_josephine
Temple:   eino_temple_lava
Lair:1:   dragon1_lemuel, layout_loops_ring, uniq_harold, uniq_nergalle
Lair:2:   layout_regular_city, grunt_forest_small_clearing_treed,
          lemuel_fruit_fields
Lair:3:   layout_chaotic_city, elwin_shoals_entry_rooms,
          guppyfry_snake_entry_garden, grunt_megastairs_2
Lair:4:   layout_small_grid, slime_entry_2, beast_lair_carwin_11,
          serial_bayou_shore_b, wad_woods_river_01, serial_bayou_shore_a
Lair:5:   evilmike_catoblepas_cave, layout_hall_layers, gauntlet_entry_generic,
          nicolae_quartered_pool_little, uniq_nessos
Shoals:1: layout_shoals, nicolae_shoals_the_drawing_of_the_three
Shoals:2: layout_shoals, nicolae_shoals_nautilus_by_nature, lightli_airlock
Shoals:3: layout_shoals
Shoals:4: shoals_end_simple, layout_shoals, uniq_mlioglotl
Snake:1:  layout_basic, minmay_shop_star, nicolae_integral_box
Snake:2:  layout_rooms, basic_altar, abandoned_shop,
          nicolae_shop_sticking_my_neck_out
Snake:3:  layout_layer_cave
Snake:4:  johnstein_snake_rune_scales, layout_misc_corridors, uniq_aizul
Orc:1:    layout_caves, uniq_maurice, uniq_sonja
Orc:2:    st_orc_open, layout_caves, basic_altar, minmay_orc_keep
Vaults:1: grunt_vaults_funnel, nicolae_vaults_tetromino_L_2,
          vaults_room_large_hall, v_pattern_3, v_rooms_4,
          ontoclasm_vaults_decontamination, layout_vaults_omnigrid
Vaults:2: v_misc_26, minmay_crypt_entry_simple_corners,
          hangedman_vaults_slither, ontoclasm_vaults_claustrophobia,
          nicolae_vaults_specimen_jars, ontoclasm_vaults_ligature, v_misc_26,
          nicolae_vaults_storage_closets_3, nicolae_vaults_sesquioval_fish,
          dpeg_vaults_monster_row, nicolae_vaults_trapezoid_3,
          layout_vaults_big_cross
Vaults:3: nicolae_vaults_sightless_eye, vaults_mumra_hex,
          nicolae_vaults_twisting_passages, grunt_vaults_trifunnel,
          nicolae_vaults_whirlpool_walls, v_rooms_1, nicolae_vaults_wrenched,
          nicolae_vaults_little_squares_3, ontoclasm_vaults_gateway,
          vaults_room_grid, vaults_dpeg_spiral, nicolae_vaults_prndl,
          nicolae_vaults_trapezoid_1, layout_vaults_maze, serial_shops, shop
Vaults:4: hangedman_vaults_maws, nicolae_vaults_house_1,
          nicolae_vaults_ninety_degrees, nicolae_vaults_little_squares_4,
          nicolae_vaults_tetromino_L_1, v_misc_15,
          nicolae_vaults_little_guard_posts, v_misc_12,
          hangedman_vaults_capsules, nicolae_vaults_apartment_1,
          nicolae_vaults_border_crossing, layout_vaults_big_room, uniq_zenata
Vaults:5
Depths:1: layout_honeycomb, lightli_too_deep, nicolae_wu_jian_wuxing_cycle,
          minmay_misc_feat_encased, minmay_misc_feat_plants,
          hangedman_glass_teeth, nicolae_ru_sacrificial_ziggurat
Depths:2: minmay_fractal_lines_corner, layout_gridville,
          gammafunk_ghost_abyssal_escape, rand_demon_pan_entry_5,
          hangedman_coc_ice_floe, minmay_misc_feat_more_columns,
          infiniplex_staircase_zigzag_1
Depths:3: wad_cavern_with_rooms, layout_gridlike, enter_ziggurat_a,
          nicolae_hell_entry_big_baal_hell, minmay_room_of_horrors,
          infiniplex_staircase_pool_2, minmay_shoptagon
Depths:4: grunt_zot_entry_gee_three, layout_basic, hell_entry,
          abyss_entry_small_statue_room, serial_curves, eino_curves_01,
          eino_curves_02, minmay_stone_trees_small
Zot:1:    layout_gridville, bh_zot_levy_curve, serial_nicolae_subway,
          nicolae_sub_station_metal, nicolae_sub_station_stone,
          nicolae_sub_station_crystal, uniq_josephina
Zot:2:    layout_concentric_octagons, nzn_random_ring, grunt_megastairs_3

Skill      XL: |  1  2  3  4  5  6  7  8  9 10 11 12 13 14 15 16 17 18 19 20 21 22 23 24 |
---------------+-------------------------------------------------------------------------+-----
Ranged Weapons | 5 6 7 8 9 11 13 14 15 17 19 20 21 22 | 22.0
Fighting       | 3 4 5 6 8 10 12 13 14 15 16 19 20 22 23 24 26 | 26.0
Dodging        | 2 3 4 5 6 7 9 11 12 14 15 16 18 19 | 19.8
Armour         | 1 2 4 5 6 7 8 9 10 11 12 13 14 17 | 17.9
Invocations    | 4 6 10 | 10.0
Stealth        | |  1.1

Action                     |  1- 3 |  4- 6 |  7- 9 | 10-12 | 13-15 | 16-18 | 19-21 | 22-24 || total
---------------------------+-------+-------+-------+-------+-------+-------+-------+-------++-------
   Fire: Shortbow          |    90 |   120 |   354 |       |       |       |       |       ||   564
         Orcbow            |       |       |    76 |   612 |   145 |       |       |       ||   833
         Longbow           |       |       |       |       |   866 |   155 |       |       ||  1021
         Triple crossbow   |       |       |       |       |       |   738 |  1203 |  1109 ||  3050
 Invoke: Heroism           |       |       |     4 |    21 |    29 |    32 |    19 |    44 ||   149
         Finesse           |       |       |       |       |     8 |     5 |    10 |     4 ||    27
    Use: Scroll            |     4 |     7 |     6 |    10 |     4 |     9 |     3 |     7 ||    50
         Potion            |     2 |     1 |     1 |     2 |     5 |     5 |     2 |     7 ||    25
 Armour: Leather armour    |    10 |    14 |    17 |    13 |       |       |       |   155 ||   209
         Ring mail         |       |     2 |    55 |   112 |   221 |   240 |   464 |   170 ||  1264
  Dodge: Dodged            |    28 |    25 |   116 |   442 |   593 |   709 |  1321 |  1164 ||  4398
  Block: Other             |       |       |       |       |       |       |     9 |   130 ||   139
         Reflection        |       |       |       |       |       |       |     1 |     7 ||     8

Table legend:
 A = Non-vault XP
 B = Vault XP
 C = Vault XP percentage of total XP
 D = Non-vault monster count
 E = Vault monster count
 F = Vault count percentage of total count
                 A         B        C        D         E       F
            +---------+---------+-------+---------+---------+-------
      Total |  521351 |  403507 |  43.6 |    1124 |     620 |  35.6
            +---------+---------+-------+---------+---------+-------
        D:1 |      14 |       0 |   0.0 |       8 |       0 |   0.0
        D:2 |     101 |     239 |  70.3 |      17 |       7 |  29.2
        D:3 |     193 |       0 |   0.0 |      33 |       0 |   0.0
        D:4 |     622 |       8 |   1.3 |      28 |       3 |   9.7
        D:5 |     538 |    1084 |  66.8 |      15 |      22 |  59.5
        D:6 |     719 |     146 |  16.9 |      19 |       2 |   9.5
        D:7 |     655 |     856 |  56.7 |      11 |       3 |  21.4
        D:8 |    2087 |    4286 |  67.3 |      25 |      18 |  41.9
        D:9 |    1729 |     996 |  36.6 |      21 |      22 |  51.2
       D:10 |    1733 |     798 |  31.5 |      23 |       1 |   4.2
       D:11 |    1837 |    2517 |  57.8 |       5 |       4 |  44.4
       D:12 |    5192 |   12688 |  71.0 |      19 |      28 |  59.6
       D:13 |    6904 |    2386 |  25.7 |      22 |       5 |  18.5
       D:14 |    5884 |    5845 |  49.8 |      10 |      14 |  58.3
       D:15 |    5969 |    3980 |  40.0 |      20 |       7 |  25.9
     Lair:1 |    6012 |    2532 |  29.6 |      26 |       3 |  10.3
     Lair:2 |    2718 |     689 |  20.2 |      14 |       6 |  30.0
     Lair:3 |    4323 |    1991 |  31.5 |      15 |       6 |  28.6
     Lair:4 |    7123 |    3950 |  35.7 |      21 |      12 |  36.4
     Lair:5 |   14689 |   11928 |  44.8 |      41 |      24 |  36.9
   Shoals:1 |   13259 |    2731 |  17.1 |      28 |       4 |  12.5
   Shoals:2 |   17443 |       0 |   0.0 |      30 |       0 |   0.0
   Shoals:3 |   22439 |       0 |   0.0 |      42 |       0 |   0.0
   Shoals:4 |    5500 |   23608 |  81.1 |      11 |      41 |  78.8
    Snake:1 |   13941 |       0 |   0.0 |      27 |       0 |   0.0
    Snake:2 |   25861 |       0 |   0.0 |      54 |       0 |   0.0
    Snake:3 |   11406 |       0 |   0.0 |      22 |       0 |   0.0
    Snake:4 |   19397 |   24183 |  55.5 |      37 |      36 |  49.3
      Orc:1 |    3490 |    1215 |  25.8 |      37 |       2 |   5.1
      Orc:2 |    2099 |   15168 |  87.8 |      35 |      46 |  56.8
   Vaults:1 |   16326 |   11333 |  41.0 |      21 |      13 |  38.2
   Vaults:2 |   37870 |   28273 |  42.7 |      61 |      41 |  40.2
   Vaults:3 |   41408 |   39942 |  49.1 |      59 |      62 |  51.2
   Vaults:4 |   34207 |   31769 |  48.2 |      52 |      40 |  43.5
   Vaults:5 |   19742 |   94677 |  82.7 |      28 |      78 |  73.6
   Depths:1 |   20384 |    2480 |  10.8 |      23 |       3 |  11.5
   Depths:2 |   37760 |    7891 |  17.3 |      50 |      10 |  16.7
   Depths:3 |   36622 |   12841 |  26.0 |      42 |      24 |  36.4
   Depths:4 |   15198 |   20174 |  57.0 |      15 |      17 |  53.1
      Zot:1 |   44033 |    4319 |   8.9 |      43 |       3 |   6.5
      Zot:2 |   13924 |   25984 |  65.1 |      14 |      13 |  48.1
            +---------+---------+-------+---------+---------+-------
